 Dungeon Crawl Stone Soup version 0.31-a0-177-g4aa6249778 (webtiles) character file.

Game seed: 2201427342003448266

625527 qw the Slayer (level 27, -6/197 HPs)
             Began as a Gargoyle Fighter on June 18, 2023.
             Was the Champion of the Shining One.
             Mangled by an emperor scorpion (7 damage)
             ... summoned by a royal mummy
             ... on level 2 of the Tomb of the Ancients.
             The game lasted 00:37:59 (57573 turns).

qw the Slayer (Gargoyle Fighter)                   Turns: 57573, Time: 00:38:01

Health: -6/197     AC: 75    Str: 38 (39) XL:     27
Magic:  14/36      EV: 12    Int:  5      God:    the Shining One [******]
Gold:   3017       SH:  0    Dex: 18      Spells: 26/26 levels left

rFire   + . .        t - +9 broad axe (holy)
rCold   . . .        A - +10 tower shield of Ignorance {rN+ Int-4}
rNeg    + + +        j - +12 crystal plate armour of Yjuoczo {rF+ Int-5 Dex+2}
rPois   inf          b - +2 helmet
rElec   +            k - +0 cloak of Rivube {rElec Will+ Slay+2}
rCorr   +            a - +5 pair of gloves of the Moon Troll {rN+ Str+4 Dex+4}
SInv    .            x - +0 pair of boots "Juff" {Str+3}
Will    +++..        D - amulet of faith Stlth
                     Q - ring of the Queen {rCorr Dex+4 Slay+6}
HPRegen 0.52/turn    C - ring of Xaemoetsi {EV+5 Str+2}
MPRegen 0.25/turn

%: faith
@: about to teleport, attractive, flying, held, hasted and slowed, glowing
A: sickness immunity, AC +20, big wings, negative energy resistance 1,
electricity resistance, torment resistance 1, petrification resistance, clever
1, deterioration 1, mutation resistance 1, weak 1
}: 4/15 runes: decaying, serpentine, slimy, silver
a: Renounce Religion, Divine Shield, Cleansing Flame, Summon Divine Warrior


You were on level 2 of the Tomb of the Ancients.
You worshipped the Shining One.
The Shining One was exalted by your worship.
You visited 12 branches of the dungeon, and saw 54 of its levels.
You visited 1 bazaar.
You also visited: Wizlab and Desolation.

You collected 8019 gold pieces.
You spent 5002 gold pieces at shops.


Innate Abilities, Weirdness & Mutations

You are immune to sickness and miasma.
Your stone body is resilient. (AC +20)
You are immune to poison.
Your large and strong wings let you fly.
You resist negative energy. (rN+)
You are resistant to electric shocks. (rElec)
You are resistant to unholy torment.
You are immune to petrification.
Your mind is acute. (Int +4, Str/Dex -1)
Your body sometimes deteriorates upon taking damage.
You are somewhat resistant to further mutation.
You are weak. (Str -2)


   Skills:
 - Level 26.7 Fighting
 - Level 18.0 Axes
 - Level 15.0 Throwing
 - Level 22.2 Armour
 - Level 12.0 Dodging
 - Level 22.0 Shields
 + Level 19.5 Invocations


You had 26 spell levels left.
You didn't know any spells.
Your spell library was empty.

Inventory:

Hand Weapons
 l - the +2 broad axe of Moral Flaws {heavy, Str+5 SInv}
   (You acquired it on level 3 of the Crypt)

   Str:       It affects your strength (+5).
   SInv:      It lets you see invisible.
 t - a +9 broad axe of holy wrath (weapon)
 E - the +9 broad axe of Kudegon {heavy, rPois rF+ Will-}
   (You found it on level 5 of the Pits of Slime)

   rF:        It protects you from fire.
   rPois:     It protects you from poison.
   Will:      It decreases your willpower.
Armour
 a - the +5 pair of gloves of the Moon Troll (worn) {rN+ Str+4 Dex+4}
   (You acquired it on level 2 of the Dungeon)

   Str:       It affects your strength (+4).
   Dex:       It affects your dexterity (+4).
   rN:        It protects you from negative energy.
 b - a +2 helmet (worn)
 j - the +12 crystal plate armour of Yjuoczo (worn) {rF+ Int-5 Dex+2}
   (Okawaru gifted it to you on level 2 of the Lair of Beasts)

   Int:       It affects your intelligence (-5).
   Dex:       It affects your dexterity (+2).
   rF:        It protects you from fire.
 k - the +0 cloak of Rivube (worn) {rElec Will+ Slay+2}
   (You bought it in a shop on level 2 of the Orcish Mines)

   Slay:      It affects your accuracy & damage with ranged weapons and melee
   (+2).
   rElec:     It insulates you from electricity.
   Will:      It increases your willpower.
 o - the +0 cloak "Tenubafa" {rF+ rN+}
   (Okawaru gifted it to you on level 4 of the Snake Pit)

   rF:        It protects you from fire.
   rN:        It protects you from negative energy.
 x - the +0 pair of boots "Juff" (worn) {Str+3}
   (Okawaru gifted it to you on level 2 of the Snake Pit)

   Str:       It affects your strength (+3).
 A - the +10 tower shield of Ignorance (worn) {rN+ Int-4}
   (Okawaru gifted it to you on level 3 of the Pits of Slime)

   Int:       It affects your intelligence (-4).
   rN:        It protects you from negative energy.
Jewellery
 C - the ring of Xaemoetsi (right hand) {EV+5 Str+2}
   (You found it on level 4 of the Realm of Zot)

   [ring of evasion]

   EV:        It affects your evasion (+5).
   Str:       It affects your strength (+2).
 D - an amulet of faith (around neck)
 I - the amulet "Sott" {rF+ Regen+}
   (You found it in the Desolation of Salt)

   [amulet of regeneration]

   rF:        It protects you from fire.
   Regen:     It increases your rate of health regeneration.
 N - the ring of Geext {rPois rC+ rCorr}
   (You found it in the Desolation of Salt)

   [ring of resist corrosion]

   rC:        It protects you from cold.
   rPois:     It protects you from poison.
   rCorr:     It protects you from acid and corrosion.
 O - the ring "Myppabby" {Fire rCorr Str+4}
   (You found it in the Desolation of Salt)

   [ring of fire]

   It enhances your fire magic.
   Str:       It affects your strength (+4).
   rF:        It protects you from fire.
   rC:        It makes you vulnerable to cold.
   rCorr:     It protects you from acid and corrosion.
 P - the amulet "Izxoleij" {Reflect Fly rPois rN++ rCorr SH+5}
   (You found it in the Desolation of Salt)

   [amulet of reflection]

   It reflects blocked missile attacks.
   rPois:     It protects you from poison.
   rN:        It greatly protects you from negative energy.
   Fly:       It grants you flight.
   rCorr:     It protects you from acid and corrosion.
   SH:        It affects your SH (+5).
 Q - the ring of the Queen (left hand) {rCorr Dex+4 Slay+6}
   (You took it off an imperial myrmidon in the Desolation of Salt)

   [ring of resist corrosion]

   Dex:       It affects your dexterity (+4).
   Slay:      It affects your accuracy & damage with ranged weapons and melee
   (+6).
   rCorr:     It protects you from acid and corrosion.
Wands
 H - a wand of digging (10)
Scrolls
 h - 4 scrolls of enchant armour
 n - 25 scrolls of teleportation
 p - 6 scrolls of enchant weapon
 r - 43 scrolls of identify
 J - 3 scrolls of brand weapon
Potions
 c - 10 potions of haste
 d - 15 potions of might
 e - 13 potions of attraction
 f - 13 potions of lignification
 g - 6 potions of mutation
 i - 26 potions of curing
 m - 15 potions of enlightenment
 s - 2 potions of magic
 w - 2 potions of cancellation
 B - 3 potions of resistance

Dungeon Overview and Level Annotations

Branches:
Dungeon (15/15)            Temple (1/1) D:7            Lair (5/5) D:8
  Swamp (4/4) Lair:2        Snake (4/4) Lair:3        Slime (5/5) Lair:4
    Orc (2/2) D:10            Elf (0/3) Orc:2        Vaults (5/5) D:13
  Crypt (3/3) Vaults:2       Tomb (2/3) Crypt:3      Depths (4/4) D:15
    Zot (4/5) Depths:4     WizLab (visited)         Desolation (visited)

Altars:
Ashenzari
Cheibriados
Dithmenos
Elyvilon
Fedhas
Gozag
Hepliaklqana
Kikubaaqudgha
Makhleb
Nemelex Xobeh
Okawaru
Qazlal
Ru
Sif Muna
Trog
Uskayaw
Vehumet
Wu Jian
Xom
Yredelemnul
Zin
The Shining One
Jiyva

Shops:
D:6 **   D:14 *   D:15 ?   Orc:2 [:*(:   Snake:2 :=:   Snake:4 =?   Vaults:1 =
Vaults:2 ?   Vaults:3 [   Vaults:5 !=   Depths:1 *   Depths:4 :

Portals:
Hell: Depths:1 Depths:2 Depths:3 Depths:4
Abyss: Depths:1 Depths:3 Depths:4
Pandemonium: Depths:1 Depths:2
Ziggurat: Depths:1

Annotations:
D:4 1 runed translucent door, exclusion: 2 goblins, qw's ghost, amateur GrFi
D:6 2 transporters
D:10 3 runed translucent doors, qw's ghost, journeyman NaHu
Depths:2 2 transporters, qw's ghost, veteran GrFi


Message History

57573 ||| INVOKING Cleansing Flame.
The golden flame engulfs you but does no damage.
The golden flame engulfs the royal mummy!!!
The royal mummy writhes in agony!
The royal mummy is almost destroyed.
The golden flame engulfs the royal mummy!!
The royal mummy writhes in agony!
You destroy the royal mummy!
The Shining One accepts your kill.
The Shining One blesses your angel with divine balms and healing.
The death scarab disappears in a puff of smoke! x3
The golden flame engulfs the emperor scorpion!!
The emperor scorpion is severely wounded.
The golden flame engulfs the emperor scorpion but does no damage.
The emperor scorpion is heavily wounded.
The golden flame engulfs the mummy!!!
The mummy writhes in agony!
You destroy the mummy!
The Shining One accepts your kill.
You feel better.
You feel your power returning.
The golden flame engulfs the emperor scorpion!
The emperor scorpion is severely wounded.
The golden flame engulfs your angel.
Your angel completely resists.
The golden flame engulfs the nagaraja zombie!!!
The nagaraja zombie writhes in agony!
The nagaraja zombie is moderately damaged.
The golden flame engulfs the guardian mummy!!!!
The guardian mummy writhes in agony!
You destroy the guardian mummy!
The Shining One accepts your kill.
You feel better.
You feel your power returning.
You feel extremely nervous for a moment...
You feel horribly lethargic.
You feel as though you will be slow longer.
You feel extremely nervous for a moment...
Pain shoots through your body!!
You hear a faint skittering sound. x8; You hear a hideous shriek!
You hear a faint skittering sound. x10
The emperor scorpion stings you!
You die...

#.. ..# #...
...#
...$#######....
....^.....¤....
...............
.....A.%.......
.$...Z.¤%.....$
.....¤.@s¤....)
......Mss......
......¤........
$.........¤....
......^........
....#######....
#... ...# #..
.¤#


You could see a royal mummy, 3 emperor scorpions, a nagaraja zombie (ally
target) and a friendly angel (summoned).

Vanquished Creatures
  the Royal Jelly (Slime:5)
  2 dread liches (Zot:4)
  An orb of fire (Zot:1)
  2 ancient liches
  Mara (Vaults:3)
  7 royal mummies
  Saint Roka (Depths:2)
  Vashnia (Snake:3)
  A curse toe (Zot:4)
  10 golden dragons
  2 bone dragons (Depths:4)
  A hellephant (Depths:1)
  17 tentacled monstrosities
  6 deep elf blademasters
  An electric golem (Zot:2)
  7 liches
  9 quicksilver dragons
  23 titans
  Asterion (Snake:3)
  A walking frostbound tome (Depths:3)
  11 deep elf master archers
  24 acid blobs
  Gastronok (Lair:3)
  8 death cobs
  4 ancient champions
  16 storm dragons
  9 sphinxes
  A thorn hunter (Swamp:4)
  Kirke (Lair:4)
  Donald (Snake:3)
  3 tengu reavers
  7 draconian monks
  3 revenants (Crypt:2)
  4 rockslimes
  14 shadow dragons
  3 draconian knights
  16 fire giants
  4 nagarajas (Snake:4)
  19 frost giants
  14 azure jellies
  2 deep elf sorcerers
  4 fenstrider witches (Swamp:4)
  A spectral juggernaut (Crypt:3)
  5 iron dragons
  23 vault wardens
  4 draconian scorchers
  2 imperial myrmidons (Desolation)
  Aizul (Snake:1)
  2 balrugs (Depths:3)
  2 ghost moths
  2 draconian stormcallers
  5 draconian shifters
  5 ghouls
  4 draconian annihilators
  2 orc warlords
  2 curse skulls
  16 ironbound preservers
  2 caustic shrike skeletons
  5 quicksilver oozes
  2 war gargoyles
  3 formless jellyfish (Slime:3)
  20 very ugly things
  5 ironbound thunderhulks
  17 green draconians
  5 spriggan defenders
  15 black draconians
  A juggernaut skeleton (Depths:1)
  8 vampire knights
  16 red draconians
  26 stone giants
  7 bunyips
  Nessos (Lair:5)
  A halazid warlock (Desolation)
  A bennu (Tomb:2)
  12 yellow draconians
  A deep elf demonologist (Vaults:5)
  A spectral titan (Crypt:3)
  3 eleionomae
  4 deep elf annihilators (Vaults:5)
  11 white draconians
  2 blizzard demons (Swamp:4)
  10 purple draconians
  A spark wasp (shapeshifter) (Vaults:5)
  9 eidola
  2 crystal guardians (Desolation)
  12 fire dragons
  5 deep elf death magi
  8 mummy priests
  13 ettins
  Josephine (D:11)
  2 spectral quicksilver dragons (Crypt:3)
  5 spark wasps
  5 deep elf high priests (Vaults:5)
  7 jiangshi
  8 great orbs of eyes
  A shambling mangrove (Swamp:4)
  16 yaktaur captains
  8 servants of whispers (Desolation)
  A quicksilver dragon skeleton (Crypt:2)
  12 ragged hierophants (Desolation)
  A salamander tyrant (Snake:4)
  28 vault guards
  A spectral fenstrider witch (Crypt:3)
  Harold (Lair:2)
  7 peacekeepers
  6 anacondas
  8 hydras
  3 catoblepae (Lair:5)
  4 ogre magi
  3 rakshasas
  A bennu zombie (Crypt:1)
  5 ironbound frosthearts
  4 two-headed ogres
  9 ice dragons
  5 spriggan air magi
  2 death knights
  14 centaur warriors
  7 boulder beetles
  8 death scarabs
  A spectral stone giant (Crypt:3)
  7 alligators
  24 deep troll earth magi
  Urug (Orc:2)
  19 naga warriors
  3 tengu warriors
  11 deep troll shamans
  9 hell hogs (Depths:1)
  9 vampire magi
  2 spectral storm dragons (Crypt:3)
  15 death yaks
  An orc high priest (Orc:2)
  8 spriggan berserkers
  7 shock serpents
  A soul eater (Crypt:3)
  19 hell knights
  Sonja (D:10)
  6 deep elf knights
  Nergalle (Orc:2)
  21 naga sharpshooters
  Amaemon (Lair:3)
  A titan skeleton (D:15)
  9 iron trolls
  45 skeletal warriors
  3 sixfirhies (Swamp:4)
  A skyshark (Lair:4)
  A fire crab (shapeshifter) (D:13)
  11 flayed ghosts
  7 shadow wraiths
  Lodul (D:10)
  58 deep trolls
  A spark wasp zombie (Depths:1)
  6 goliath frogs
  5 salamander mystics
  8 sea snakes (Snake:4)
  A deep troll (shapeshifter) (Depths:3)
  An orb spider (shapeshifter) (Zot:4)
  A spriggan simulacrum (Depths:1)
  4 swamp dragons
  6 naga ritualists
  2 glowing orange brains (Depths:1)
  23 ironbound convokers
  10 spriggan druids
  7 bog bodies
  5 deep elf archers
  A harpy (Vaults:2)
  16 wizards
  An iron giant skeleton (Crypt:2)
  4 orc knights
  5 deep elf zephyrmancers
  21 phantasmal warriors
  14 deep elf pyromancers
  6 orc sorcerers
  A goliath frog zombie (Crypt:3)
  11 necromancers
  2 shadow dragon skeletons
  12 lindwurms
  2 stone giant zombies
  An oklob plant (Lair:5)
  9 shining eyes
  6 mana vipers
  A tengu skeleton (Depths:1)
  A fire giant skeleton (Crypt:2)
  33 ugly things
  A cyclops (shapeshifter) (Vaults:5)
  10 manticores
  13 salamanders
  20 elephants
  4 cyclopes
  40 black mambas
  A spectral alligator snapping turtle (Crypt:3)
  4 will-o-the-wisps
  13 human skeletons
  A spectral centaur (Crypt:3)
  16 moths of wrath
  4 guardian serpents
  21 naga magi
  19 vault sentinels
  2 molten gargoyles (Desolation)
  3 orange demons
  4 cane toads
  3 gargoyles
  A storm dragon simulacrum (Crypt:3)
  An eye of devastation (Slime:2)
  12 komodo dragons
  An alligator snapping turtle skeleton (Crypt:1)
  A rime drake (Lair:1)
  29 yaktaurs
  An unseen horror skeleton (Crypt:2)
  2 kobold demonologists (D:11)
  2 tengu conjurers
  27 freezing wraiths
  A spectral demonspawn (Crypt:3)
  24 guardian mummies
  A mana viper zombie (Crypt:2)
  A queen bee (Lair:3)
  A spectral harpy (Crypt:3)
  3 trolls
  A harpy zombie (Crypt:1)
  2 spectral nagas (Crypt:3)
  A hydra zombie (Swamp:1)
  A hellwing (Swamp:4)
  4 bloated husks
  A harpy skeleton (Crypt:1)
  2 polar bears
  A polar bear (shapeshifter) (Vaults:5)
  63 saltlings (Desolation)
  2 alligator zombies
  27 hornets
  14 tyrant leeches
  Prince Ribbit (Lair:3)
  An ettin zombie (D:15)
  24 blink frogs
  12 dream sheep
  Grinder (D:5)
  45 slime creatures
  An ice dragon skeleton (Crypt:1)
  An ettin skeleton (Tomb:1)
  A centaur simulacrum (D:15)
  5 vampires
  43 spriggans
  2 water elementals (D:11)
  4 shadows
  15 wraiths
  4 wyverns
  4 basilisks
  64 yaks
  3 ushabtiu (Tomb:1)
  A golden eye (Slime:5)
  A neqoxec (Swamp:4)
  6 hogs (Lair:4)
  A chaos spawn (Swamp:4)
  A steam dragon (D:7)
  5 two-headed ogre zombies
  12 vampire mosquitoes (Swamp:1)
  2 harpy simulacra (Crypt:3)
  A tyrant leech zombie (Crypt:2)
  Menkaure (D:7)
  40 nagas
  7 wargs
  20 swamp worms
  5 acid dragons
  An entropy weaver zombie (Crypt:3)
  13 water moccasins
  A floating eye (shapeshifter) (Vaults:5)
  25 orc warriors
  3 black bears
  An ice beast (D:8)
  A swamp drake (D:11)
  13 centaurs
  4 boggarts (Vaults:2)
  5 wolves (Lair:3)
  An elephant zombie (Crypt:2)
  14 ogres
  2 phantoms
  A yaktaur zombie (Crypt:2)
  3 kobold brigands
  An elf zombie (Crypt:1)
  A human zombie (Vaults:2)
  17 bullfrogs
  4 necrophages
  3 scorpions
  A glowing shapeshifter simulacrum (Vaults:2)
  A gnoll sergeant (D:11)
  19 wights
  A shapeshifter zombie (Crypt:3)
  7 troll zombies (WizLab)
  23 killer bees (Lair:3)
  4 electric eels
  6 howler monkeys
  A crimson imp (D:11)
  A spriggan skeleton (Crypt:3)
  A hound (D:7)
  2 jellies (D:5)
  22 orc priests
  An iron imp (D:11)
  A basilisk skeleton (Crypt:3)
  19 orc wizards
  4 iguanas
  A sleepcap (D:6)
  4 yak simulacra (Lair:4)
  A scorpion zombie (Crypt:1)
  3 polar bear simulacra (Lair:4)
  3 wolf simulacra (Lair:4)
  8 ogre zombies (WizLab)
  16 mummies
  15 gnolls
  8 adders
  A river rat (shapeshifter) (Vaults:5)
  A shadow imp (D:11)
  A steam dragon skeleton (Crypt:3)
  4 white imps
  3 worms (D:4)
  3 dart slugs
  67 orcs
  6 ball pythons
  A bat skeleton (Crypt:2)
  5 endoplasms
  2 giant cockroaches
  5 hobgoblins
  2 jackals (D:4)
  4 quokkas
  7 bats
  7 frilled lizards
  16 goblins
  A goblin skeleton (Crypt:3)
  A jackal skeleton (Crypt:1)
  22 kobolds
  A quokka skeleton (Crypt:2)
  5 rats
  A rat skeleton (Crypt:1)
  A river rat simulacrum (Lair:4)
  A spectral weapon (Snake:3)
2478 creatures vanquished.

Vanquished Creatures (collateral kills)
  An ancient champion (Tomb:1)
  A revenant (Tomb:1)
  A frost giant (Tomb:1)
  A stone giant (Tomb:1)
  A bennu (Tomb:2)
  A spriggan zombie (Tomb:1)
  A deep elf pyromancer (Tomb:1)
  3 ushabtiu (Tomb:1)
  10 mummies (Tomb:1)
20 creatures vanquished.

Vanquished Creatures (others)
  A hellephant (Depths:1)
  A draconian scorcher (Zot:2)
  A will-o-the-wisp (Swamp:3)
  A guardian serpent (Snake:3)
  4 bloated husks
  A mummy (Tomb:1)
  12 foxfires
  98 spectral weapons
119 creatures vanquished.

Grand Total: 2617 creatures vanquished

Notes
Turn   | Place    | Note
-------+----------+-------------------------------------------
     0 | D:1      | qw the Gargoyle Fighter began the quest for the Orb.
     0 | D:1      | Reached XP level 1. HP: 14/14 MP: 1/1
     0 | D:1      | 0 ||| qw: Version: 0.3-a-7-ge0c9b40
     0 | D:1      | 0 ||| qw: Game counter: 823
     0 | D:1      | 0 ||| qw: Always use a shield: true
     0 | D:1      | 0 ||| qw: God list: Okawaru
     0 | D:1      | 0 ||| qw: Allow faded altars: false
     0 | D:1      | 0 ||| qw: Do Orc after D:15 true
     0 | D:1      | 0 ||| qw: Do second Lair branch before Depths: true
     0 | D:1      | 0 ||| qw: Lair rune preference: random
     0 | D:1      | 0 ||| qw: Plans: Normal, Zot:1-4, Slime:5, God:TSO, Crypt,
                  | Tomb, Abyss, Pan, Hells, Win
     0 | D:1      | 0 ||| PLANNING D:1-11
   220 | D:1      | Reached XP level 2. HP: 19/19 MP: 2/2
   476 | D:1      | 476 ||| DROPPING +0 whip.
   705 | D:1      | Reached skill level 3 in Axes
   713 | D:1      | 713 ||| Stepping ~*~*~tactically~*~*~ (stealth).
   917 | D:1      | Reached XP level 3. HP: 23/23 MP: 3/3
   972 | D:1      | 972 ||| UPGRADING to +2 buckler.
   982 | D:1      | 982 ||| DROPPING +0 buckler.
   983 | D:1      | 983 ||| READING scroll labelled SEESKACSAI.
  1000 | D:1      | 1000 ||| DRINKING 2 purple potions.
  1000 | D:1      | Gained mutation: Your flesh is heat resistant. (rF+)
                  | [potion of mutation]
  1000 | D:1      | Gained mutation: Your natural rate of healing is unusually
                  | fast. [potion of mutation]
  1000 | D:1      | Gained mutation: Your mind is acute. (Int +4, Str/Dex -1)
                  | [potion of mutation]
  1146 | D:2      | Reached skill level 1 in Throwing
  1261 | D:2      | 1261 ||| Stepping ~*~*~tactically~*~*~ (stealth).
  1262 | D:2      | 1262 ||| Stepping ~*~*~tactically~*~*~ (stealth).
  1268 | D:2      | 1268 ||| Stepping ~*~*~tactically~*~*~ (stealth).
  1354 | D:2      | 1354 ||| Stepping ~*~*~tactically~*~*~ (hiding).
  1359 | D:2      | Reached XP level 4. HP: 28/28 MP: 4/4
  1477 | D:2      | 1477 ||| DROPPING +0 mace.
  1519 | D:2      | Reached XP level 5. HP: 32/32 MP: 5/5
  1519 | D:2      | 1519 ||| Stepping ~*~*~tactically~*~*~ (hiding).
  1841 | D:2      | 1841 ||| DROPPING +6 ring of intelligence.
  1842 | D:2      | 1842 ||| READING 2 scrolls labelled VUFAPANOCH.
  1842 | D:2      | Identified 2 scrolls of acquirement
  1842 | D:2      | 1842 ||| ACQUIRING +5 broad axe of electrocution
  1842 | D:2      | Acquired a +5 broad axe of electrocution
  1843 | D:2      | 1843 ||| READING scroll of acquirement.
  1843 | D:2      | 1843 ||| ACQUIRING +5 pair of gloves of the Moon Troll {rN+
                  | Str+4 Dex+4}
  1843 | D:2      | Acquired the +5 pair of gloves of the Moon Troll {rN+ Str+4
                  | Dex+4}
  1845 | D:2      | 1845 ||| SWAPPING to +5 broad axe of electrocution.
  1846 | D:2      | 1846 ||| DROPPING +0 war axe.
  1847 | D:2      | 1847 ||| UPGRADING to +5 pair of gloves of the Moon Troll
                  | {rN+ Str+4 Dex+4}.
  1852 | D:2      | 1852 ||| DRINKING 4 bubbling blue potions.
  1951 | D:3      | 1951 ||| Stepping ~*~*~tactically~*~*~ (stealth).
  1954 | D:3      | 1954 ||| Stepping ~*~*~tactically~*~*~ (stealth).
  1955 | D:3      | 1955 ||| Stepping ~*~*~tactically~*~*~ (hiding).
  1956 | D:3      | 1956 ||| Stepping ~*~*~tactically~*~*~ (hiding).
  1957 | D:3      | 1957 ||| Stepping ~*~*~tactically~*~*~ (hiding).
  2111 | D:3      | 2111 ||| Stepping ~*~*~tactically~*~*~ (hiding).
  2140 | D:3      | 2140 ||| Stepping ~*~*~tactically~*~*~ (stealth).
  2656 | D:3      | 2656 ||| UPGRADING to +1 plate armour of cold resistance.
  2666 | D:3      | 2666 ||| DROPPING +0 scale mail.
  2667 | D:3      | 2667 ||| READING 2 scrolls labelled XUVANE LUEMASI.
  2668 | D:3      | 2668 ||| READING 2 scrolls labelled HAOMNA UTHEQY.
  2673 | D:3      | 2673 ||| READING scroll labelled ALAECS LYBIXU.
  2674 | D:3      | 2674 ||| READING 2 scrolls labelled SYPAEMMIKK.
  2675 | D:3      | 2675 ||| DRINKING 2 puce potions.
  2676 | D:3      | 2676 ||| DROPPING scroll of fear.
  2835 | D:4      | 2835 ||| Stepping ~*~*~tactically~*~*~ (stealth).
  2854 | D:4      | 2854 ||| Stepping ~*~*~tactically~*~*~ (stealth).
  2859 | D:4      | 2859 ||| Stepping ~*~*~tactically~*~*~ (stealth).
  2876 | D:4      | 2876 ||| UPGRADING to +0 pair of boots.
  2881 | D:4      | 2881 ||| READING scroll labelled HIVOGG ZALUMUOSI.
  2904 | D:4      | Noticed a phantom
  2917 | D:4      | Killed a phantom
  2918 | D:4      | Reached XP level 6. HP: 37/37 MP: 6/6
  2981 | D:4      | Found a snail-covered altar of Cheibriados.
  3052 | D:4      | Noticed a yak
  3058 | D:4      | Reached skill level 1 in Dodging
  3064 | D:4      | Killed a yak
  3065 | D:4      | Reached skill level 4 in Fighting
  3103 | D:4      | 3103 ||| UPGRADING to +0 helmet.
  3290 | D:4      | Found a runed translucent door.
  3291 | D:4      | Noticed qw's ghost (amateur GrFi)
  3403 | D:4      | 3403 ||| Stepping ~*~*~tactically~*~*~ (hiding).
  3423 | D:4      | 3423 ||| Stepping ~*~*~tactically~*~*~ (stealth).
  3468 | D:4      | Reached XP level 7. HP: 44/44 MP: 7/7
  3499 | D:4      | 3499 ||| DRINKING 2 fizzy white potions.
  3500 | D:4      | 3500 ||| READING 2 scrolls of identify.
  3500 | D:4      | 3500 ||| IDENTIFYING yellow potion
  3501 | D:4      | 3501 ||| DROPPING potion of invisibility.
  3537 | D:5      | Entered Level 5 of the Dungeon
  3543 | D:5      | Reached skill level 6 in Axes
  3658 | D:5      | 3658 ||| Stepping ~*~*~tactically~*~*~ (stealth).
  3660 | D:5      | 3660 ||| Stepping ~*~*~tactically~*~*~ (stealth).
  3664 | D:5      | 3664 ||| Stepping ~*~*~tactically~*~*~ (stealth).
  3717 | D:5      | 3717 ||| Stepping ~*~*~tactically~*~*~ (stealth).
  3718 | D:5      | 3718 ||| Stepping ~*~*~tactically~*~*~ (stealth).
  3820 | D:5      | 3820 ||| Stepping ~*~*~tactically~*~*~ (hiding).
  3832 | D:5      | Reached XP level 8. HP: 48/48 MP: 8/8
  3854 | D:5      | 3854 ||| Stepping ~*~*~tactically~*~*~ (stealth).
  3879 | D:5      | Reached skill level 5 in Fighting
  4030 | D:5      | 4030 ||| Stepping ~*~*~tactically~*~*~ (stealth).
  4031 | D:5      | 4031 ||| Stepping ~*~*~tactically~*~*~ (stealth).
  4234 | D:5      | Noticed Grinder
  4235 | D:5      | 4235 ||| Stepping ~*~*~tactically~*~*~ (stealth).
  4257 | D:5      | Paralysed by Grinder for 3 turns
  4260 | D:5      | Killed Grinder
  4426 | D:6      | Found Maurhas's Specific Store.
  4439 | D:6      | Found Tohast's General Store.
  4448 | D:6      | 4448 ||| BUYING 2 potions of enlightenment (130 gold).
  4448 | D:6      | Bought 2 potions of enlightenment for 130 gold pieces
  4448 | D:6      | 4448 ||| BUYING 2 potions of enlightenment (130 gold).
  4448 | D:6      | Bought 2 potions of enlightenment for 130 gold pieces
  4448 | D:6      | 4448 ||| BUYING potion of attraction (39 gold).
  4448 | D:6      | Bought a potion of attraction for 39 gold pieces
  4522 | D:6      | Reached skill level 6 in Fighting
  4559 | D:6      | Identified the +3 leather armour of the Cicada {rElec}
  4744 | D:6      | Identified the ring "Gaint" {rElec Will+ rCorr Str-3 Int+6}
  4803 | D:6      | Identified the +5 ring mail of the Gazing Gods {rC+ Int-3
                  | Dex+4}
  4818 | D:6      | Found a transporter.
  4848 | D:6      | 4848 ||| Stepping ~*~*~tactically~*~*~ (hiding).
  4856 | D:6      | Reached XP level 9. HP: 55/55 MP: 9/9
  4980 | D:6      | Found a transporter.
  5026 | D:6      | Found a blossoming altar of Fedhas.
  5029 | D:6      | Found a shadowy altar of Dithmenos.
  5032 | D:6      | Found a stormy altar of Qazlal.
  5033 | D:6      | Found a glowing silver altar of Zin.
  5033 | D:6      | Found an ornate altar of the Wu Jian Council.
  5033 | D:6      | Found a basalt altar of Yredelemnul.
  5033 | D:6      | Found a burning altar of Makhleb.
  5033 | D:6      | Found an opulent altar of Gozag.
  5035 | D:6      | Found a white marble altar of Elyvilon.
  5036 | D:6      | Found a shimmering altar of Xom.
  5038 | D:6      | Found a sparkling altar of Nemelex Xobeh.
  5202 | D:6      | Identified the ring of Checkmate {rC+ AC+4 Dex+3}
  5206 | D:6      | 5206 ||| UPGRADING to ring "Gaint" {rElec Will+ rCorr Str-3
                  | Int+6}.
  5207 | D:6      | 5207 ||| READING scroll labelled XAMYUTWECOU.
  5208 | D:6      | 5208 ||| READING scroll labelled DUYKHIKLEO.
  5209 | D:6      | 5209 ||| DRINKING 2 bubbling clear potions.
  5210 | D:6      | 5210 ||| DROPPING potion of degeneration.
  5252 | D:7      | Noticed Menkaure
  5258 | D:7      | Killed Menkaure
  5363 | D:7      | Reached skill level 6 in Armour
  5373 | D:7      | 5373 ||| Stepping ~*~*~tactically~*~*~ (stealth).
  5379 | D:7      | Reached skill level 9 in Axes
  5381 | D:7      | 5381 ||| Stepping ~*~*~tactically~*~*~ (hiding).
  5398 | D:7      | Found a staircase to the Ecumenical Temple.
  5399 | D:7      | 5399 ||| PLANNING TEMPLE
  5399 | D:7      | 5399 ||| READING 2 scrolls labelled ZULOXKEDWY.
  5400 | D:7      | 5400 ||| READING scroll labelled HIFORY ISASI.
  5401 | D:7      | 5401 ||| READING 2 scrolls of identify.
  5401 | D:7      | 5401 ||| IDENTIFYING silvery potion
  5402 | D:7      | 5402 ||| DROPPING scroll of fog.
  5409 | Temple   | Entered the Ecumenical Temple
  5410 | Temple   | 5410 ||| PLANNING OKAWARU WORSHIP
  5414 | Temple   | Became a worshipper of Warmaster Okawaru
  5415 | Temple   | 5415 ||| PLANNING D:1-11
  5573 | D:7      | 5573 ||| Stepping ~*~*~tactically~*~*~ (stealth).
  5574 | D:7      | 5574 ||| Stepping ~*~*~tactically~*~*~ (stealth).
  5596 | D:7      | 5596 ||| Stepping ~*~*~tactically~*~*~ (stealth).
  5597 | D:7      | 5597 ||| Stepping ~*~*~tactically~*~*~ (stealth).
  5629 | D:7      | Reached skill level 7 in Fighting
  5640 | D:7      | 5640 ||| Stepping ~*~*~tactically~*~*~ (hiding).
  5690 | D:7      | Reached * piety under Okawaru
  5693 | D:7      | 5693 ||| Stepping ~*~*~tactically~*~*~ (hiding).
  5699 | D:7      | Noticed a gargoyle
  5700 | D:7      | 5700 ||| Stepping ~*~*~tactically~*~*~ (hiding).
  5707 | D:7      | 5707 ||| INVOKING Heroism.
  5709 | D:7      | Killed a gargoyle
  5724 | D:7      | 5724 ||| DROPPING +0 flail.
  5754 | D:7      | Reached XP level 10. HP: 63/63 MP: 11/11
  6088 | D:7      | 6088 ||| UPGRADING to +6 ring of strength.
  6089 | D:7      | 6089 ||| READING scroll labelled NUFAUN OXURYS.
  6363 | D:8      | Reached skill level 3 in Invocations
  6369 | D:8      | 6369 ||| INVOKING Heroism.
  6433 | D:8      | Reached ** piety under Okawaru
  6480 | D:8      | Found a staircase to the Lair.
  6488 | D:8      | Reached skill level 8 in Fighting
  6783 | D:8      | 6783 ||| PLANNING LAIR
  6822 | Lair:1   | Entered Level 1 of the Lair of Beasts
  6845 | Lair:1   | Noticed a black mamba
  6846 | Lair:1   | 6846 ||| INVOKING Heroism.
  6852 | Lair:1   | Killed a black mamba
  6871 | Lair:1   | Noticed a death yak
  6871 | Lair:1   | Noticed a death yak
  6872 | Lair:1   | Noticed a death yak
  6874 | Lair:1   | Noticed a death yak
  6877 | Lair:1   | 6877 ||| INVOKING Heroism.
  6880 | Lair:1   | Killed a death yak
  6880 | Lair:1   | Reached *** piety under Okawaru
  6882 | Lair:1   | Killed a death yak
  6882 | Lair:1   | Killed a death yak
  6882 | Lair:1   | Reached **** piety under Okawaru
  6883 | Lair:1   | Reached XP level 11. HP: 55/68 MP: 11/14
  6885 | Lair:1   | Killed a death yak
  6967 | Lair:1   | Reached ***** piety under Okawaru
  7034 | Lair:1   | Reached skill level 6 in Invocations
  7051 | Lair:1   | Reached skill level 9 in Fighting
  7058 | Lair:1   | 7058 ||| FLEEEEING.
  7059 | Lair:1   | 7059 ||| FLEEEEING.
  7088 | Lair:1   | 7088 ||| INVOKING Heroism.
  7124 | Lair:1   | 7124 ||| Stepping ~*~*~tactically~*~*~ (stealth).
  7131 | Lair:1   | 7131 ||| Stepping ~*~*~tactically~*~*~ (stealth).
  7134 | Lair:1   | Received a gift from Okawaru
  7141 | Lair:1   | Reached skill level 12 in Axes
  7170 | Lair:1   | 7170 ||| INVOKING Heroism.
  7267 | Lair:1   | Identified the +3 trident "Qoziddo" {freeze, rF+ rC+ SInv}
  7367 | Lair:1   | Noticed a seven-headed hydra
  7368 | Lair:1   | 7368 ||| INVOKING Heroism.
  7369 | Lair:1   | 7369 ||| INVOKING Finesse.
  7374 | Lair:1   | 7374 ||| SWAPPING to +3 flail of freezing.
  7380 | Lair:1   | Killed a seven-headed hydra
  7381 | Lair:1   | Reached skill level 6 in Shields
  7381 | Lair:1   | 7381 ||| SWAPPING to +5 spectral broad axe.
  7384 | Lair:1   | Reached XP level 12. HP: 76/76 MP: 10/18
  7833 | Lair:1   | 7833 ||| DROPPING ring of flight.
  7834 | Lair:1   | 7834 ||| DRINKING 3 orange potions.
  7835 | Lair:1   | 7835 ||| READING 3 scrolls of identify.
  7835 | Lair:1   | 7835 ||| IDENTIFYING black potion
  7836 | Lair:1   | 7836 ||| READING 2 scrolls of identify.
  7836 | Lair:1   | 7836 ||| IDENTIFYING inky potion
  7837 | Lair:1   | 7837 ||| DROPPING 2 potions of brilliance.
  7838 | Lair:1   | 7838 ||| DROPPING potion of berserk rage.
  7865 | Lair:2   | 7865 ||| INVOKING Heroism.
  7948 | Lair:2   | 7948 ||| INVOKING Heroism.
  7976 | Lair:2   | 7976 ||| Stepping ~*~*~tactically~*~*~ (stealth).
  7977 | Lair:2   | 7977 ||| Stepping ~*~*~tactically~*~*~ (stealth).
  7979 | Lair:2   | 7979 ||| INVOKING Heroism.
  7989 | Lair:2   | Reached skill level 9 in Armour
  7989 | Lair:2   | Reached skill level 9 in Invocations
  8002 | Lair:2   | Identified the +12 crystal plate armour of Yjuoczo {rF+
                  | Int-5 Dex+2} (Okawaru gifted it to you on level 2 of the
                  | Lair of Beasts)
  8002 | Lair:2   | Received a gift from Okawaru
  8012 | Lair:2   | 8012 ||| INVOKING Heroism.
  8133 | Lair:2   | Noticed Harold
  8134 | Lair:2   | 8134 ||| Stepping ~*~*~tactically~*~*~ (hiding).
  8135 | Lair:2   | 8135 ||| Stepping ~*~*~tactically~*~*~ (hiding).
  8140 | Lair:2   | 8140 ||| INVOKING Heroism.
  8144 | Lair:2   | Killed Harold
  8369 | Lair:2   | 8369 ||| Stepping ~*~*~tactically~*~*~ (stealth).
  8370 | Lair:2   | 8370 ||| Stepping ~*~*~tactically~*~*~ (stealth).
  8399 | Lair:2   | 8399 ||| Stepping ~*~*~tactically~*~*~ (stealth).
  8401 | Lair:2   | 8401 ||| Stepping ~*~*~tactically~*~*~ (stealth).
  8402 | Lair:2   | 8402 ||| INVOKING Heroism.
  8416 | Lair:2   | Reached skill level 10 in Fighting
  8497 | Lair:2   | 8497 ||| INVOKING Heroism.
  8794 | Lair:2   | 8794 ||| INVOKING Heroism.
  8807 | Lair:2   | Found a staircase to the Swamp.
  8851 | Lair:2   | 8851 ||| UPGRADING to +12 crystal plate armour of Yjuoczo
                  | {rF+ Int-5 Dex+2}.
  8861 | Lair:2   | 8861 ||| DROPPING +1 plate armour of cold resistance.
  8862 | Lair:2   | 8862 ||| READING 4 scrolls of identify.
  8862 | Lair:2   | 8862 ||| IDENTIFYING sapphire potion
  8863 | Lair:2   | 8863 ||| DROPPING potion of ambrosia.
  8897 | Lair:3   | 8897 ||| INVOKING Heroism.
  8925 | Lair:3   | Noticed Amaemon
  8935 | Lair:3   | Killed Amaemon
  8976 | Lair:3   | 8976 ||| INVOKING Heroism.
  9066 | Lair:3   | 9066 ||| INVOKING Heroism.
  9075 | Lair:3   | 9075 ||| Stepping ~*~*~tactically~*~*~ (stealth).
  9090 | Lair:3   | Reached XP level 13. HP: 77/82 MP: 20/20
  9105 | Lair:3   | 9105 ||| Stepping ~*~*~tactically~*~*~ (stealth).
  9113 | Lair:3   | 9113 ||| INVOKING Heroism.
  9118 | Lair:3   | 9118 ||| Stepping ~*~*~tactically~*~*~ (stealth).
  9129 | Lair:3   | 9129 ||| INVOKING Finesse.
  9131 | Lair:3   | Reached skill level 3 in Dodging
  9220 | Lair:3   | 9220 ||| Stepping ~*~*~tactically~*~*~ (stealth).
  9293 | Lair:3   | 9293 ||| INVOKING Heroism.
  9322 | Lair:3   | Noticed Gastronok
  9332 | Lair:3   | Killed Gastronok
  9333 | Lair:3   | Reached skill level 12 in Armour
  9352 | Lair:3   | 9352 ||| Stepping ~*~*~tactically~*~*~ (hiding).
  9355 | Lair:3   | 9355 ||| Stepping ~*~*~tactically~*~*~ (hiding).
  9361 | Lair:3   | 9361 ||| Stepping ~*~*~tactically~*~*~ (hiding).
  9472 | Lair:3   | Found a staircase to the Snake Pit.
  9565 | Lair:3   | 9565 ||| Stepping ~*~*~tactically~*~*~ (stealth).
  9570 | Lair:3   | Noticed Prince Ribbit
  9571 | Lair:3   | 9571 ||| Stepping ~*~*~tactically~*~*~ (stealth).
  9574 | Lair:3   | 9574 ||| INVOKING Heroism.
  9595 | Lair:3   | Killed Prince Ribbit
  9809 | Lair:3   | 9809 ||| READING 3 scrolls of identify.
  9809 | Lair:3   | 9809 ||| IDENTIFYING red potion
  9829 | Lair:4   | 9829 ||| INVOKING Heroism.
  9947 | Lair:4   | 9947 ||| Stepping ~*~*~tactically~*~*~ (stealth).
  9949 | Lair:4   | 9949 ||| Stepping ~*~*~tactically~*~*~ (stealth).
  9973 | Lair:4   | 9973 ||| INVOKING Heroism.
  9980 | Lair:4   | Identified the +12 battleaxe of Conversion {freeze, rElec
                  | rF+++ rC- Int+3 Dex-2} (Okawaru gifted it to you on level 4
                  | of the Lair of Beasts)
  9980 | Lair:4   | Received a gift from Okawaru
 10130 | Lair:4   | 10130 ||| INVOKING Heroism.
 10131 | Lair:4   | 10131 ||| INVOKING Finesse.
 10135 | Lair:4   | 10135 ||| SWAPPING to -2 demon whip of venom.
 10150 | Lair:4   | 10150 ||| SWAPPING to +5 spectral broad axe.
 10185 | Lair:4   | Found a staircase to the Slime Pits.
 10205 | Lair:4   | 10205 ||| INVOKING Heroism.
 10238 | Lair:4   | 10238 ||| Stepping ~*~*~tactically~*~*~ (stealth).
 10254 | Lair:4   | 10254 ||| FLEEEEING.
 10255 | Lair:4   | 10255 ||| FLEEEEING.
 10256 | Lair:4   | 10256 ||| FLEEEEING.
 10257 | Lair:4   | 10257 ||| FLEEEEING.
 10258 | Lair:4   | 10258 ||| FLEEEEING.
 10259 | Lair:4   | 10259 ||| FLEEEEING.
 10260 | Lair:4   | 10260 ||| FLEEEEING.
 10261 | Lair:4   | 10261 ||| FLEEEEING.
 10262 | Lair:4   | 10262 ||| FLEEEEING.
 10356 | Lair:4   | 10356 ||| Stepping ~*~*~tactically~*~*~ (stealth).
 10378 | Lair:4   | 10378 ||| DROPPING -2 demon whip of venom.
 10379 | Lair:4   | 10379 ||| DROPPING +3 flail of freezing.
 10393 | Lair:4   | Reached skill level 11 in Fighting
 10560 | Lair:4   | Noticed Kirke
 10560 | Lair:4   | 10560 ||| INVOKING Heroism.
 10565 | Lair:4   | Gained mutation: Your large and strong wings let you fly.
                  | [Gargoyle growth]
 10565 | Lair:4   | Reached XP level 14. HP: 90/90 MP: 18/21
 10572 | Lair:4   | 10572 ||| DRINKING potion of cancellation.
 10575 | Lair:4   | Killed Kirke
 10656 | Lair:4   | 10656 ||| FLEEEEING.
 10657 | Lair:4   | 10657 ||| FLEEEEING.
 10679 | Lair:4   | 10679 ||| INVOKING Heroism.
 10680 | Lair:4   | 10680 ||| INVOKING Finesse.
 10683 | Lair:4   | 10683 ||| SWAPPING to +0 hand axe of flaming.
 10693 | Lair:4   | 10693 ||| SWAPPING to +5 spectral broad axe.
 10745 | Lair:4   | 10745 ||| Stepping ~*~*~tactically~*~*~ (stealth).
 10746 | Lair:4   | 10746 ||| Stepping ~*~*~tactically~*~*~ (stealth).
 10747 | Lair:4   | 10747 ||| Stepping ~*~*~tactically~*~*~ (stealth).
 10768 | Lair:4   | 10768 ||| Stepping ~*~*~tactically~*~*~ (stealth).
 10832 | Lair:4   | Received a gift from Okawaru
 10873 | Lair:4   | 10873 ||| UPGRADING to +0 kite shield.
 10883 | Lair:4   | 10883 ||| DROPPING +2 buckler.
 10891 | Lair:5   | Entered Level 5 of the Lair of Beasts
 10905 | Lair:5   | 10905 ||| INVOKING Heroism.
 10906 | Lair:5   | 10906 ||| INVOKING Finesse.
 10909 | Lair:5   | 10909 ||| SWAPPING to +0 hand axe of flaming.
 10919 | Lair:5   | 10919 ||| SWAPPING to +5 spectral broad axe.
 10984 | Lair:5   | Noticed Nessos
 10991 | Lair:5   | 10991 ||| INVOKING Heroism.
 11018 | Lair:5   | Killed Nessos
 11022 | Lair:5   | Reached skill level 9 in Shields
 11023 | Lair:5   | 11023 ||| Stepping ~*~*~tactically~*~*~ (hiding).
 11033 | Lair:5   | 11033 ||| Stepping ~*~*~tactically~*~*~ (stealth).
 11038 | Lair:5   | 11038 ||| INVOKING Heroism.
 11220 | Lair:5   | 11220 ||| Stepping ~*~*~tactically~*~*~ (stealth).
 11222 | Lair:5   | 11222 ||| INVOKING Heroism.
 11228 | Lair:5   | 11228 ||| INVOKING Finesse.
 11277 | Lair:5   | 11277 ||| INVOKING Heroism.
 11316 | Lair:5   | 11316 ||| Stepping ~*~*~tactically~*~*~ (stealth).
 11318 | Lair:5   | 11318 ||| Stepping ~*~*~tactically~*~*~ (hiding).
 11319 | Lair:5   | 11319 ||| Stepping ~*~*~tactically~*~*~ (hiding).
 11565 | Lair:5   | 11565 ||| Stepping ~*~*~tactically~*~*~ (stealth).
 11618 | Lair:5   | 11618 ||| INVOKING Heroism.
 11619 | Lair:5   | 11619 ||| INVOKING Finesse.
 11629 | Lair:5   | Reached skill level 12 in Shields
 12024 | Lair:5   | 12024 ||| PLANNING D:1-11
 12024 | Lair:5   | 12024 ||| DROPPING amulet of magic regeneration.
 12025 | Lair:5   | 12025 ||| UPGRADING to ring of ice.
 12027 | Lair:5   | 12027 ||| READING scroll labelled ENGOBA FYISTYU.
 12247 | D:9      | 12247 ||| Stepping ~*~*~tactically~*~*~ (stealth).
 12250 | D:9      | 12250 ||| Stepping ~*~*~tactically~*~*~ (stealth).
 12254 | D:9      | 12254 ||| Stepping ~*~*~tactically~*~*~ (hiding).
 12257 | D:9      | 12257 ||| Stepping ~*~*~tactically~*~*~ (hiding).
 12452 | D:9      | 12452 ||| Stepping ~*~*~tactically~*~*~ (stealth).
 12467 | D:9      | Received a gift from Okawaru
 12480 | D:9      | Reached XP level 15. HP: 95/95 MP: 22/22
 12583 | D:9      | 12583 ||| Stepping ~*~*~tactically~*~*~ (stealth).
 12790 | D:9      | 12790 ||| UPGRADING to +1 pair of boots of rampaging.
 12800 | D:9      | 12800 ||| DROPPING +0 pair of boots.
 12829 | D:10     | Entered Level 10 of the Dungeon
 12869 | D:10     | Noticed Sonja
 12870 | D:10     | 12870 ||| INVOKING Finesse.
 12876 | D:10     | Killed Sonja
 12932 | D:10     | Found a staircase to the Orcish Mines.
 13003 | D:10     | Found a runed translucent gate.
 13005 | D:10     | Found a runed translucent gate.
 13006 | D:10     | Found a runed translucent gate.
 13006 | D:10     | Noticed qw's ghost (journeyman NaHu)
 13189 | D:10     | Noticed Lodul
 13190 | D:10     | 13190 ||| Stepping ~*~*~tactically~*~*~ (hiding).
 13199 | D:10     | Killed Lodul
 13200 | D:10     | Reached skill level 15 in Axes
 13204 | D:10     | 13204 ||| FLEEEEING.
 13205 | D:10     | 13205 ||| FLEEEEING.
 13321 | D:10     | 13321 ||| Stepping ~*~*~tactically~*~*~ (stealth).
 13514 | D:10     | Found a viscous altar of Jiyva.
 14066 | D:10     | 14066 ||| Stepping randomly (stuck).
 14099 | D:11     | 14099 ||| Stepping ~*~*~tactically~*~*~ (hiding).
 14405 | D:11     | 14405 ||| Stepping ~*~*~tactically~*~*~ (stealth).
 14430 | D:11     | 14430 ||| Stepping ~*~*~tactically~*~*~ (stealth).
 14461 | D:11     | 14461 ||| Stepping ~*~*~tactically~*~*~ (stealth).
 14523 | D:11     | Reached skill level 12 in Fighting
 14592 | D:11     | Noticed Josephine
 14597 | D:11     | Killed Josephine
 14690 | D:11     | 14690 ||| Stepping ~*~*~tactically~*~*~ (hiding).
 14692 | D:11     | 14692 ||| Stepping ~*~*~tactically~*~*~ (hiding).
 14696 | D:11     | 14696 ||| Stepping ~*~*~tactically~*~*~ (hiding).
 14697 | D:11     | 14697 ||| Stepping ~*~*~tactically~*~*~ (hiding).
 15155 | D:11     | 15155 ||| Stepping ~*~*~tactically~*~*~ (hiding).
 15163 | D:11     | 15163 ||| Stepping ~*~*~tactically~*~*~ (stealth).
 15171 | D:11     | 15171 ||| Stepping ~*~*~tactically~*~*~ (stealth).
 15172 | D:11     | 15172 ||| Stepping ~*~*~tactically~*~*~ (stealth).
 15224 | D:11     | 15224 ||| PLANNING D
 15224 | D:11     | 15224 ||| DROPPING +1 hat.
 15225 | D:11     | 15225 ||| DROPPING +1 hat.
 15226 | D:11     | 15226 ||| DROPPING +2 hat.
 15227 | D:11     | 15227 ||| DROPPING +1 hat.
 15340 | D:12     | 15340 ||| Stepping ~*~*~tactically~*~*~ (hiding).
 15624 | D:12     | 15624 ||| Stepping ~*~*~tactically~*~*~ (hiding).
 15632 | D:12     | 15632 ||| FLEEEEING.
 15633 | D:12     | 15633 ||| FLEEEEING.
 15634 | D:12     | 15634 ||| FLEEEEING.
 15635 | D:12     | 15635 ||| FLEEEEING.
 15636 | D:12     | 15636 ||| FLEEEEING.
 15637 | D:12     | 15637 ||| FLEEEEING.
 15638 | D:12     | 15638 ||| FLEEEEING.
 15639 | D:12     | 15639 ||| FLEEEEING.
 15640 | D:12     | 15640 ||| STAIRDANCE
 15664 | D:12     | 15664 ||| READING scroll of enchant weapon.
 15664 | D:12     | 15664 ||| ENCHANTING +5 spectral broad axe.
 15817 | D:12     | You are sucked into a shaft and drop 3 floors!
 15817 | D:15     | Entered Level 15 of the Dungeon
 15817 | D:15     | Found Joraej's Magic Scroll Emporium.
 15819 | D:15     | 15819 ||| BUYING scroll of enchant armour (112 gold).
 15819 | D:15     | Bought a scroll of enchant armour for 112 gold pieces
 15819 | D:15     | 15819 ||| BUYING scroll of identify (30 gold).
 15819 | D:15     | Bought a scroll of identify for 30 gold pieces
 15819 | D:15     | 15819 ||| BUYING scroll of identify (30 gold).
 15819 | D:15     | Bought a scroll of identify for 30 gold pieces
 15819 | D:15     | 15819 ||| BUYING scroll of identify (30 gold).
 15819 | D:15     | Bought a scroll of identify for 30 gold pieces
 15819 | D:15     | 15819 ||| BUYING scroll of teleportation (45 gold).
 15819 | D:15     | Bought a scroll of teleportation for 45 gold pieces
 15819 | D:15     | 15819 ||| BUYING scroll of teleportation (45 gold).
 15819 | D:15     | Bought a scroll of teleportation for 45 gold pieces
 15819 | D:15     | 15819 ||| BUYING scroll of teleportation (45 gold).
 15819 | D:15     | Bought a scroll of teleportation for 45 gold pieces
 15819 | D:15     | 15819 ||| READING scroll of enchant armour.
 15819 | D:15     | 15819 ||| ENCHANTING +0 helmet.
 15872 | D:15     | 15872 ||| Stepping ~*~*~tactically~*~*~ (hiding).
 15994 | D:14     | 15994 ||| Stepping ~*~*~tactically~*~*~ (hiding).
 16413 | D:13     | 16413 ||| INVOKING Heroism.
 16444 | D:13     | 16444 ||| INVOKING Heroism.
 16680 | D:13     | Found a gate to the Vaults.
 16728 | D:13     | 16728 ||| Stepping ~*~*~tactically~*~*~ (hiding).
 16729 | D:13     | 16729 ||| Stepping ~*~*~tactically~*~*~ (hiding).
 16904 | D:13     | 16904 ||| Stepping ~*~*~tactically~*~*~ (hiding).
 16912 | D:13     | 16912 ||| Stepping ~*~*~tactically~*~*~ (cloud).
 17071 | D:13     | 17071 ||| DROPPING ring of magical power.
 17192 | D:14     | 17192 ||| Stepping ~*~*~tactically~*~*~ (hiding).
 17309 | D:14     | 17309 ||| Stepping ~*~*~tactically~*~*~ (hiding).
 17316 | D:14     | 17316 ||| Stepping ~*~*~tactically~*~*~ (stealth).
 17347 | D:14     | 17347 ||| Stepping ~*~*~tactically~*~*~ (stealth).
 17590 | D:14     | 17590 ||| Stepping ~*~*~tactically~*~*~ (hiding).
 17740 | D:14     | Found Lygh's General Store.
 17749 | D:14     | 17749 ||| BUYING potion of curing (30 gold).
 17749 | D:14     | Bought a potion of curing for 30 gold pieces
 18015 | D:14     | 18015 ||| UPGRADING to +6 ring of dexterity.
 18017 | D:14     | 18017 ||| READING scroll labelled CONAG BILI.
 18092 | D:15     | Received a gift from Okawaru
 18248 | D:15     | 18248 ||| INVOKING Heroism.
 18263 | D:15     | Reached XP level 16. HP: 87/101 MP: 23/23
 18265 | D:15     | Found a staircase to the Depths.
 18275 | D:15     | 18275 ||| FLEEEEING.
 18276 | D:15     | 18276 ||| FLEEEEING.
 18277 | D:15     | 18277 ||| FLEEEEING.
 18278 | D:15     | 18278 ||| FLEEEEING.
 18279 | D:15     | 18279 ||| FLEEEEING.
 18280 | D:15     | 18280 ||| FLEEEEING.
 18281 | D:15     | 18281 ||| FLEEEEING.
 18282 | D:15     | 18282 ||| FLEEEEING.
 18283 | D:15     | 18283 ||| FLEEEEING.
 18284 | D:15     | 18284 ||| FLEEEEING.
 18285 | D:15     | 18285 ||| FLEEEEING.
 18286 | D:15     | 18286 ||| FLEEEEING.
 18287 | D:15     | 18287 ||| FLEEEEING.
 18288 | D:15     | 18288 ||| FLEEEEING.
 18289 | D:15     | 18289 ||| FLEEEEING.
 18290 | D:15     | 18290 ||| FLEEEEING.
 18291 | D:15     | 18291 ||| FLEEEEING.
 18292 | D:15     | 18292 ||| FLEEEEING.
 18295 | D:15     | 18295 ||| INVOKING Heroism.
 18329 | D:15     | 18329 ||| Stepping ~*~*~tactically~*~*~ (stealth).
 18338 | D:15     | 18338 ||| Stepping ~*~*~tactically~*~*~ (stealth).
 18339 | D:15     | 18339 ||| Stepping ~*~*~tactically~*~*~ (stealth).
 18818 | D:15     | Found a shadowy altar of Dithmenos.
 18880 | D:15     | 18880 ||| Stepping ~*~*~tactically~*~*~ (hiding).
 19121 | D:15     | 19121 ||| Stepping ~*~*~tactically~*~*~ (hiding).
 19126 | D:15     | 19126 ||| Stepping ~*~*~tactically~*~*~ (hiding).
 19254 | D:15     | 19254 ||| PLANNING ORC
 19391 | Orc:1    | Entered Level 1 of the Orcish Mines
 19392 | Orc:1    | 19392 ||| Stepping ~*~*~tactically~*~*~ (hiding).
 19394 | Orc:1    | 19394 ||| Stepping ~*~*~tactically~*~*~ (hiding).
 19407 | Orc:1    | 19407 ||| Stepping ~*~*~tactically~*~*~ (stealth).
 19434 | Orc:1    | 19434 ||| Stepping ~*~*~tactically~*~*~ (stealth).
 19654 | Orc:2    | Entered Level 2 of the Orcish Mines
 19659 | Orc:2    | 19659 ||| Stepping ~*~*~tactically~*~*~ (hiding).
 19661 | Orc:2    | 19661 ||| Stepping ~*~*~tactically~*~*~ (hiding).
 19665 | Orc:2    | 19665 ||| INVOKING Heroism.
 19689 | Orc:2    | Noticed Nergalle
 19691 | Orc:2    | 19691 ||| INVOKING Heroism.
 19693 | Orc:2    | 19693 ||| INVOKING Finesse.
 19695 | Orc:2    | Noticed Urug
 19698 | Orc:2    | Killed Nergalle
 19709 | Orc:2    | Found Motwolua's Book Shop.
 19714 | Orc:2    | Found Naisun's Antique Weapon Shop.
 19717 | Orc:2    | Killed Urug
 19719 | Orc:2    | Found Sacurch's General Store.
 19803 | Orc:2    | 19803 ||| Stepping ~*~*~tactically~*~*~ (stealth).
 19811 | Orc:2    | 19811 ||| INVOKING Heroism.
 19823 | Orc:2    | 19823 ||| Stepping ~*~*~tactically~*~*~ (hiding).
 19823 | Orc:2    | Found a staircase to the Elven Halls.
 19957 | Orc:2    | 19957 ||| BUYING ring of protection from cold (350 gold).
 19957 | Orc:2    | Bought a ring of protection from cold for 350 gold pieces
 19957 | Orc:2    | 19957 ||| BUYING scroll of enchant weapon (105 gold).
 19957 | Orc:2    | Bought a scroll of enchant weapon for 105 gold pieces
 19957 | Orc:2    | 19957 ||| BUYING scroll of teleportation (42 gold).
 19957 | Orc:2    | Bought a scroll of teleportation for 42 gold pieces
 19957 | Orc:2    | 19957 ||| READING scroll of enchant weapon.
 19957 | Orc:2    | 19957 ||| ENCHANTING +6 spectral broad axe.
 19995 | Orc:2    | 19995 ||| DROPPING +0 hand axe of flaming.
 20033 | Orc:2    | 20033 ||| DROPPING ring of ice.
 20034 | Orc:2    | 20034 ||| UPGRADING to ring of protection from cold.
 20162 | Orc:2    | Found Leomugal's Antique Armour Shop.
 20169 | Orc:2    | 20169 ||| BUYING shimmering cloak (237 gold).
 20169 | Orc:2    | Bought a shimmering cloak for 237 gold pieces
 20169 | Orc:2    | Identified the +0 cloak of Rivube {rElec Will+ Slay+2} (You
                  | bought it in a shop on level 2 of the Orcish Mines)
 20229 | Orc:2    | Found Dozudyt's Vocational Training.
 20305 | Orc:2    | 20305 ||| UPGRADING to +0 cloak of Rivube {rElec Will+
                  | Slay+2}.
 20327 | Orc:1    | 20327 ||| Stepping ~*~*~tactically~*~*~ (stealth).
 20330 | Orc:1    | 20330 ||| Stepping ~*~*~tactically~*~*~ (hiding).
 20621 | Orc:2    | Reached skill level 3 in Throwing
 20655 | Orc:2    | 20655 ||| Stepping ~*~*~tactically~*~*~ (hiding).
 20657 | Orc:2    | 20657 ||| Stepping ~*~*~tactically~*~*~ (hiding).
 20662 | Orc:2    | 20662 ||| INVOKING Heroism.
 20758 | Orc:2    | 20758 ||| PLANNING SWAMP:1-3
 20918 | Swamp:1  | Entered Level 1 of the Swamp
 20935 | Swamp:1  | 20935 ||| Stepping ~*~*~tactically~*~*~ (stealth).
 20936 | Swamp:1  | 20936 ||| Stepping ~*~*~tactically~*~*~ (hiding).
 20938 | Swamp:1  | Received a gift from Okawaru
 21072 | Swamp:1  | 21072 ||| SWAPPING to +1 hand axe of flaming.
 21083 | Swamp:1  | 21083 ||| SWAPPING to +7 spectral broad axe.
 21184 | Swamp:1  | 21184 ||| INVOKING Heroism.
 21246 | Swamp:1  | 21246 ||| Stepping ~*~*~tactically~*~*~ (stealth).
 21301 | Swamp:1  | 21301 ||| Stepping ~*~*~tactically~*~*~ (hiding).
 21302 | Swamp:1  | 21302 ||| Stepping ~*~*~tactically~*~*~ (hiding).
 21369 | Swamp:1  | 21369 ||| Stepping ~*~*~tactically~*~*~ (hiding).
 21370 | Swamp:1  | 21370 ||| Stepping ~*~*~tactically~*~*~ (hiding).
 21643 | Swamp:2  | 21643 ||| INVOKING Heroism.
 21692 | Swamp:2  | 21692 ||| INVOKING Heroism.
 21694 | Swamp:2  | Noticed a tentacled monstrosity
 21695 | Swamp:2  | 21695 ||| Stepping ~*~*~tactically~*~*~ (stealth).
 21704 | Swamp:2  | 21704 ||| Stepping ~*~*~tactically~*~*~ (stealth).
 21709 | Swamp:2  | 21709 ||| Stepping ~*~*~tactically~*~*~ (stealth).
 21719 | Swamp:2  | 21719 ||| Stepping ~*~*~tactically~*~*~ (stealth).
 21732 | Swamp:2  | 21732 ||| Stepping ~*~*~tactically~*~*~ (stealth).
 21735 | Swamp:2  | 21735 ||| INVOKING Heroism.
 21742 | Swamp:2  | 21742 ||| INVOKING Finesse.
 21752 | Swamp:2  | Killed a tentacled monstrosity
 21802 | Swamp:2  | 21802 ||| Stepping ~*~*~tactically~*~*~ (stealth).
 21803 | Swamp:2  | 21803 ||| Stepping ~*~*~tactically~*~*~ (stealth).
 21804 | Swamp:2  | 21804 ||| Stepping ~*~*~tactically~*~*~ (stealth).
 21805 | Swamp:2  | 21805 ||| INVOKING Heroism.
 21812 | Swamp:2  | 21812 ||| SWAPPING to +1 hand axe of flaming.
 21819 | Swamp:2  | 21819 ||| SWAPPING to +7 spectral broad axe.
 21849 | Swamp:2  | 21849 ||| INVOKING Heroism.
 21851 | Swamp:2  | 21851 ||| SWAPPING to +1 hand axe of flaming.
 21858 | Swamp:2  | 21858 ||| SWAPPING to +7 spectral broad axe.
 21863 | Swamp:2  | Reached skill level 15 in Armour
 21876 | Swamp:2  | 21876 ||| INVOKING Heroism.
 22057 | Swamp:2  | 22057 ||| Stepping ~*~*~tactically~*~*~ (hiding).
 22361 | Swamp:3  | 22361 ||| INVOKING Heroism.
 22382 | Swamp:3  | Received a gift from Okawaru
 22385 | Swamp:3  | 22385 ||| INVOKING Finesse.
 22389 | Swamp:3  | 22389 ||| SWAPPING to +1 hand axe of flaming.
 22399 | Swamp:3  | 22399 ||| SWAPPING to +7 spectral broad axe.
 22559 | Swamp:3  | 22559 ||| READING scroll of enchant weapon.
 22559 | Swamp:3  | 22559 ||| ENCHANTING +7 spectral broad axe.
 22560 | Swamp:3  | 22560 ||| DROPPING +8 broad axe.
 22585 | Swamp:3  | 22585 ||| Stepping ~*~*~tactically~*~*~ (hiding).
 22589 | Swamp:3  | 22589 ||| INVOKING Heroism.
 22596 | Swamp:3  | Reached XP level 17. HP: 105/108 MP: 21/24
 22599 | Swamp:3  | Received a gift from Okawaru
 22600 | Swamp:3  | 22600 ||| Stepping ~*~*~tactically~*~*~ (stealth).
 22639 | Swamp:3  | 22639 ||| Stepping ~*~*~tactically~*~*~ (hiding).
 22643 | Swamp:3  | 22643 ||| INVOKING Heroism.
 22662 | Swamp:3  | Reached skill level 6 in Throwing
 22676 | Swamp:3  | Reached skill level 13 in Fighting
 22777 | Swamp:3  | 22777 ||| INVOKING Heroism.
 22783 | Swamp:3  | 22783 ||| SWAPPING to +1 hand axe of flaming.
 22794 | Swamp:3  | 22794 ||| SWAPPING to +8 spectral broad axe.
 22812 | Swamp:3  | 22812 ||| Stepping ~*~*~tactically~*~*~ (hiding).
 22814 | Swamp:3  | 22814 ||| Stepping ~*~*~tactically~*~*~ (hiding).
 23024 | Swamp:3  | 23024 ||| PLANNING SNAKE:1-3
 23024 | Swamp:3  | 23024 ||| UPGRADING to +4 ring of protection.
 23026 | Swamp:3  | 23026 ||| DROPPING +6 ring of dexterity.
 23168 | Snake:1  | Entered Level 1 of the Snake Pit
 23230 | Snake:1  | 23230 ||| Stepping ~*~*~tactically~*~*~ (hiding).
 23258 | Snake:1  | Noticed Aizul
 23259 | Snake:1  | 23259 ||| INVOKING Heroism.
 23260 | Snake:1  | 23260 ||| INVOKING Finesse.
 23268 | Snake:1  | Killed Aizul
 23368 | Snake:1  | 23368 ||| READING scroll of enchant weapon.
 23368 | Snake:1  | 23368 ||| ENCHANTING +8 spectral broad axe.
 23380 | Snake:1  | 23380 ||| Stepping ~*~*~tactically~*~*~ (stealth).
 23381 | Snake:1  | 23381 ||| Stepping ~*~*~tactically~*~*~ (stealth).
 23400 | Snake:1  | 23400 ||| READING scroll of enchant armour.
 23400 | Snake:1  | 23400 ||| ENCHANTING +1 helmet.
 23737 | Snake:1  | 23737 ||| Stepping ~*~*~tactically~*~*~ (stealth).
 23857 | Snake:1  | 23857 ||| UPGRADING to +1 tower shield of reflection.
 23867 | Snake:1  | 23867 ||| DROPPING +0 kite shield.
 23879 | Snake:2  | 23879 ||| INVOKING Heroism.
 23960 | Snake:2  | 23960 ||| Stepping ~*~*~tactically~*~*~ (hiding).
 24025 | Snake:2  | Received a gift from Okawaru
 24047 | Snake:2  | 24047 ||| Stepping ~*~*~tactically~*~*~ (stealth).
 24118 | Snake:2  | 24118 ||| Stepping ~*~*~tactically~*~*~ (hiding).
 24162 | Snake:2  | 24162 ||| Stepping ~*~*~tactically~*~*~ (hiding).
 24170 | Snake:2  | 24170 ||| INVOKING Heroism.
 24284 | Snake:2  | 24284 ||| Stepping ~*~*~tactically~*~*~ (stealth).
 24359 | Snake:2  | 24359 ||| Stepping ~*~*~tactically~*~*~ (stealth).
 24369 | Snake:2  | Identified the +0 pair of boots "Juff" {Str+3} (Okawaru
                  | gifted it to you on level 2 of the Snake Pit)
 24369 | Snake:2  | Received a gift from Okawaru
 24590 | Snake:2  | 24590 ||| INVOKING Heroism.
 24609 | Snake:2  | Reached skill level 15 in Shields
 24683 | Snake:2  | 24683 ||| Stepping ~*~*~tactically~*~*~ (hiding).
 24686 | Snake:2  | 24686 ||| Stepping ~*~*~tactically~*~*~ (hiding).
 24797 | Snake:2  | Found Jisuwkoqo's Book Emporium.
 24799 | Snake:2  | Found Katohein's Jewellery Shop.
 24800 | Snake:2  | Found Loem's Book Emporium.
 24808 | Snake:2  | 24808 ||| BUYING +5 ring of evasion (396 gold).
 24808 | Snake:2  | Bought a +5 ring of evasion for 396 gold pieces
 24808 | Snake:2  | 24808 ||| BUYING amulet of Dioxeg {Acrobat Str+2} (453
                  | gold).
 24808 | Snake:2  | Bought the amulet of Dioxeg {Acrobat Str+2} for 453 gold
                  | pieces
 24808 | Snake:2  | 24808 ||| BUYING amulet of guardian spirit (330 gold).
 24808 | Snake:2  | Bought an amulet of guardian spirit for 330 gold pieces
 25108 | Snake:2  | 25108 ||| UPGRADING to +0 pair of boots "Juff" {Str+3}.
 25118 | Snake:2  | 25118 ||| DROPPING +1 pair of boots of rampaging.
 25119 | Snake:2  | 25119 ||| UPGRADING to amulet of Dioxeg {Acrobat Str+2}.
 25124 | Snake:2  | 25124 ||| UPGRADING to +5 ring of evasion.
 25126 | Snake:2  | 25126 ||| DROPPING +4 ring of protection.
 25178 | Snake:3  | 25178 ||| INVOKING Heroism.
 25181 | Snake:3  | Noticed Vashnia
 25207 | Snake:3  | 25207 ||| STAIRDANCE
 25280 | Snake:3  | 25280 ||| INVOKING Heroism.
 25288 | Snake:3  | Killed Vashnia
 25311 | Snake:3  | 25311 ||| FLEEEEING.
 25312 | Snake:3  | 25312 ||| FLEEEEING.
 25313 | Snake:3  | 25313 ||| STAIRDANCE
 25404 | Snake:3  | 25404 ||| Stepping ~*~*~tactically~*~*~ (hiding).
 25407 | Snake:3  | 25407 ||| INVOKING Heroism.
 25415 | Snake:3  | Reached XP level 18. HP: 114/114 MP: 23/25
 25416 | Snake:3  | 25416 ||| DROPPING +1 hand axe of flaming.
 25482 | Snake:3  | Noticed Donald
 25483 | Snake:3  | 25483 ||| INVOKING Heroism.
 25488 | Snake:3  | Killed Donald
 25492 | Snake:3  | 25492 ||| Stepping ~*~*~tactically~*~*~ (hiding).
 25650 | Snake:3  | Noticed Asterion
 25651 | Snake:3  | 25651 ||| Stepping ~*~*~tactically~*~*~ (stealth).
 25652 | Snake:3  | 25652 ||| Stepping ~*~*~tactically~*~*~ (hiding).
 25655 | Snake:3  | 25655 ||| INVOKING Heroism.
 25660 | Snake:3  | Killed Asterion
 25722 | Snake:3  | 25722 ||| INVOKING Heroism.
 25981 | Snake:3  | 25981 ||| PLANNING SWAMP:4
 25981 | Snake:3  | 25981 ||| DRINKING 2 metallic orange potions.
 25982 | Snake:3  | 25982 ||| READING 16 scrolls of identify.
 25982 | Snake:3  | 25982 ||| IDENTIFYING green potion
 26223 | Swamp:4  | Entered Level 4 of the Swamp
 26234 | Swamp:4  | 26234 ||| INVOKING Heroism.
 26257 | Swamp:4  | 26257 ||| Stepping ~*~*~tactically~*~*~ (hiding).
 26348 | Swamp:4  | 26348 ||| Stepping ~*~*~tactically~*~*~ (stealth).
 26351 | Swamp:4  | 26351 ||| INVOKING Heroism.
 26358 | Swamp:4  | Received a gift from Okawaru
 26365 | Swamp:4  | 26365 ||| Stepping ~*~*~tactically~*~*~ (hiding).
 26395 | Swamp:4  | 26395 ||| INVOKING Finesse.
 26423 | Swamp:4  | 26423 ||| INVOKING Heroism.
 26465 | Swamp:4  | 26465 ||| INVOKING Heroism.
 26501 | Swamp:4  | 26501 ||| INVOKING Heroism.
 26791 | Swamp:4  | 26791 ||| INVOKING Heroism.
 26797 | Swamp:4  | Reached skill level 18 in Axes
 26804 | Swamp:4  | 26804 ||| Stepping ~*~*~tactically~*~*~ (hiding).
 26809 | Swamp:4  | 26809 ||| Stepping ~*~*~tactically~*~*~ (stealth).
 26810 | Swamp:4  | 26810 ||| Stepping ~*~*~tactically~*~*~ (stealth).
 26826 | Swamp:4  | 26826 ||| INVOKING Heroism.
 26836 | Swamp:4  | 26836 ||| Stepping ~*~*~tactically~*~*~ (hiding).
 26866 | Swamp:4  | Got a decaying rune of Zot
 27161 | Swamp:4  | 27161 ||| PLANNING VAULTS:1-4
 27161 | Swamp:4  | 27161 ||| UPGRADING to amulet of faith.
 27415 | Vaults:1 | Entered Level 1 of the Vaults
 27446 | Vaults:1 | 27446 ||| INVOKING Heroism.
 27447 | Vaults:1 | 27447 ||| INVOKING Finesse.
 27526 | Vaults:1 | 27526 ||| FLEEEEING.
 27527 | Vaults:1 | 27527 ||| FLEEEEING.
 27528 | Vaults:1 | 27528 ||| FLEEEEING.
 27529 | Vaults:1 | 27529 ||| FLEEEEING.
 27530 | Vaults:1 | 27530 ||| FLEEEEING.
 27531 | Vaults:1 | 27531 ||| FLEEEEING.
 27532 | Vaults:1 | 27532 ||| FLEEEEING.
 27533 | Vaults:1 | 27533 ||| FLEEEEING.
 27534 | Vaults:1 | 27534 ||| FLEEEEING.
 27535 | Vaults:1 | 27535 ||| FLEEEEING.
 27536 | Vaults:1 | 27536 ||| FLEEEEING.
 27537 | Vaults:1 | 27537 ||| FLEEEEING.
 27538 | Vaults:1 | 27538 ||| FLEEEEING.
 27539 | Vaults:1 | 27539 ||| FLEEEEING.
 27540 | Vaults:1 | 27540 ||| FLEEEEING.
 27541 | Vaults:1 | 27541 ||| FLEEEEING.
 27542 | Vaults:1 | 27542 ||| FLEEEEING.
 27543 | Vaults:1 | 27543 ||| FLEEEEING.
 27548 | Vaults:1 | 27548 ||| STAIRDANCE
 27662 | Vaults:1 | 27662 ||| STAIRDANCE
 27665 | D:13     | 27665 ||| INVOKING Heroism.
 27710 | Vaults:1 | Received a gift from Okawaru
 27712 | Vaults:1 | Reached skill level 14 in Fighting
 27712 | Vaults:1 | Noticed a lich
 27713 | Vaults:1 | 27713 ||| INVOKING Finesse.
 27719 | Vaults:1 | Killed a lich
 27720 | Vaults:1 | Reached skill level 18 in Shields
 27727 | Vaults:1 | 27727 ||| Stepping ~*~*~tactically~*~*~ (stealth).
 27738 | Vaults:1 | 27738 ||| Stepping ~*~*~tactically~*~*~ (stealth).
 27747 | Vaults:1 | 27747 ||| Stepping ~*~*~tactically~*~*~ (stealth).
 27750 | Vaults:1 | 27750 ||| Stepping ~*~*~tactically~*~*~ (stealth).
 27755 | Vaults:1 | 27755 ||| Stepping ~*~*~tactically~*~*~ (hiding).
 27850 | Vaults:1 | 27850 ||| FLEEEEING.
 27851 | Vaults:1 | 27851 ||| FLEEEEING.
 27852 | Vaults:1 | 27852 ||| FLEEEEING.
 27853 | Vaults:1 | 27853 ||| FLEEEEING.
 27854 | Vaults:1 | 27854 ||| FLEEEEING.
 27855 | Vaults:1 | 27855 ||| FLEEEEING.
 27856 | Vaults:1 | 27856 ||| FLEEEEING.
 27857 | Vaults:1 | 27857 ||| FLEEEEING.
 27858 | Vaults:1 | 27858 ||| FLEEEEING.
 27859 | Vaults:1 | 27859 ||| FLEEEEING.
 27860 | Vaults:1 | 27860 ||| FLEEEEING.
 27861 | Vaults:1 | 27861 ||| FLEEEEING.
 27862 | Vaults:1 | 27862 ||| FLEEEEING.
 27863 | Vaults:1 | 27863 ||| FLEEEEING.
 27864 | Vaults:1 | 27864 ||| FLEEEEING.
 27865 | Vaults:1 | 27865 ||| FLEEEEING.
 27866 | Vaults:1 | 27866 ||| FLEEEEING.
 27867 | Vaults:1 | 27867 ||| FLEEEEING.
 27868 | Vaults:1 | 27868 ||| FLEEEEING.
 27869 | Vaults:1 | 27869 ||| FLEEEEING.
 27870 | Vaults:1 | 27870 ||| FLEEEEING.
 27871 | Vaults:1 | 27871 ||| FLEEEEING.
 27872 | Vaults:1 | 27872 ||| FLEEEEING.
 27873 | Vaults:1 | 27873 ||| FLEEEEING.
 27874 | Vaults:1 | 27874 ||| FLEEEEING.
 27875 | Vaults:1 | 27875 ||| FLEEEEING.
 27876 | Vaults:1 | 27876 ||| FLEEEEING.
 27877 | Vaults:1 | 27877 ||| FLEEEEING.
 27878 | Vaults:1 | 27878 ||| FLEEEEING.
 27879 | Vaults:1 | 27879 ||| FLEEEEING.
 27880 | Vaults:1 | 27880 ||| FLEEEEING.
 27881 | Vaults:1 | 27881 ||| FLEEEEING.
 27882 | Vaults:1 | 27882 ||| FLEEEEING.
 27883 | Vaults:1 | 27883 ||| FLEEEEING.
 27884 | Vaults:1 | 27884 ||| FLEEEEING.
 27885 | Vaults:1 | 27885 ||| FLEEEEING.
 27886 | Vaults:1 | 27886 ||| FLEEEEING.
 27887 | Vaults:1 | 27887 ||| FLEEEEING.
 27888 | Vaults:1 | 27888 ||| FLEEEEING.
 27889 | Vaults:1 | 27889 ||| FLEEEEING.
 27890 | Vaults:1 | 27890 ||| FLEEEEING.
 27891 | Vaults:1 | 27891 ||| FLEEEEING.
 27892 | Vaults:1 | 27892 ||| FLEEEEING.
 27894 | Vaults:1 | 27894 ||| STAIRDANCE
 27999 | Vaults:1 | 27999 ||| STAIRDANCE
 28119 | Vaults:1 | Found Dumpess's Jewellery Shop.
 28124 | Vaults:1 | 28124 ||| BUYING ring of fire (475 gold).
 28124 | Vaults:1 | Bought a ring of fire for 475 gold pieces
 28212 | Vaults:1 | 28212 ||| Stepping ~*~*~tactically~*~*~ (stealth).
 28225 | Vaults:1 | Received a gift from Okawaru
 28335 | Vaults:1 | Reached XP level 19. HP: 105/121 MP: 26/26
 28359 | Vaults:1 | 28359 ||| Stepping ~*~*~tactically~*~*~ (hiding).
 28371 | Vaults:1 | 28371 ||| Stepping ~*~*~tactically~*~*~ (stealth).
 28372 | Vaults:1 | 28372 ||| Stepping ~*~*~tactically~*~*~ (stealth).
 28379 | Vaults:1 | 28379 ||| Stepping ~*~*~tactically~*~*~ (hiding).
 28583 | Vaults:1 | 28583 ||| Stepping ~*~*~tactically~*~*~ (hiding).
 28589 | Vaults:1 | 28589 ||| Stepping ~*~*~tactically~*~*~ (hiding).
 28653 | Vaults:1 | 28653 ||| Stepping ~*~*~tactically~*~*~ (hiding).
 28654 | Vaults:1 | 28654 ||| INVOKING Heroism.
 28655 | Vaults:1 | 28655 ||| INVOKING Finesse.
 28671 | Vaults:1 | 28671 ||| Stepping ~*~*~tactically~*~*~ (hiding).
 28683 | Vaults:1 | 28683 ||| Stepping ~*~*~tactically~*~*~ (hiding).
 28822 | Vaults:1 | 28822 ||| Stepping ~*~*~tactically~*~*~ (hiding).
 28823 | Vaults:1 | 28823 ||| Stepping ~*~*~tactically~*~*~ (hiding).
 28826 | Vaults:1 | 28826 ||| Stepping ~*~*~tactically~*~*~ (hiding).
 28832 | Vaults:1 | Reached skill level 15 in Fighting
 28844 | Vaults:1 | Received a gift from Okawaru
 29053 | Vaults:1 | Received a gift from Okawaru
 29172 | Vaults:1 | 29172 ||| INVOKING Heroism.
 29173 | Vaults:1 | 29173 ||| INVOKING Finesse.
 29219 | Vaults:1 | 29219 ||| DROPPING amulet of the acrobat.
 29240 | Vaults:2 | 29240 ||| INVOKING Heroism.
 29276 | Vaults:2 | Received a gift from Okawaru
 29295 | Vaults:2 | Found a staircase to the Crypt.
 29371 | Vaults:2 | 29371 ||| Stepping ~*~*~tactically~*~*~ (hiding).
 29412 | Vaults:2 | Reached skill level 18 in Armour
 29478 | Vaults:2 | 29478 ||| FLEEEEING.
 29479 | Vaults:2 | 29479 ||| FLEEEEING.
 29484 | Vaults:2 | 29484 ||| FLEEEEING.
 29485 | Vaults:2 | 29485 ||| FLEEEEING.
 29486 | Vaults:2 | 29486 ||| FLEEEEING.
 29487 | Vaults:2 | 29487 ||| FLEEEEING.
 29488 | Vaults:2 | 29488 ||| FLEEEEING.
 29489 | Vaults:2 | 29489 ||| FLEEEEING.
 29490 | Vaults:2 | 29490 ||| FLEEEEING.
 29491 | Vaults:2 | 29491 ||| FLEEEEING.
 29492 | Vaults:2 | 29492 ||| FLEEEEING.
 29493 | Vaults:2 | 29493 ||| FLEEEEING.
 29494 | Vaults:2 | 29494 ||| FLEEEEING.
 29495 | Vaults:2 | 29495 ||| FLEEEEING.
 29496 | Vaults:2 | 29496 ||| FLEEEEING.
 29497 | Vaults:2 | 29497 ||| FLEEEEING.
 29498 | Vaults:2 | 29498 ||| FLEEEEING.
 29499 | Vaults:2 | 29499 ||| FLEEEEING.
 29500 | Vaults:2 | 29500 ||| FLEEEEING.
 29505 | Vaults:2 | 29505 ||| STAIRDANCE
 29622 | Vaults:2 | 29622 ||| Stepping ~*~*~tactically~*~*~ (hiding).
 29630 | Vaults:2 | 29630 ||| INVOKING Heroism.
 29631 | Vaults:2 | 29631 ||| INVOKING Finesse.
 29633 | Vaults:2 | 29633 ||| Stepping ~*~*~tactically~*~*~ (hiding).
 29787 | Vaults:2 | 29787 ||| INVOKING Heroism.
 29788 | Vaults:2 | 29788 ||| INVOKING Finesse.
 29801 | Vaults:2 | 29801 ||| Stepping ~*~*~tactically~*~*~ (hiding).
 29822 | Vaults:2 | Received a gift from Okawaru
 29852 | Vaults:2 | 29852 ||| Stepping ~*~*~tactically~*~*~ (hiding).
 29858 | Vaults:2 | 29858 ||| INVOKING Heroism.
 29866 | Vaults:2 | 29866 ||| Stepping ~*~*~tactically~*~*~ (hiding).
 29876 | Vaults:2 | 29876 ||| Stepping ~*~*~tactically~*~*~ (hiding).
 29887 | Vaults:2 | 29887 ||| Stepping ~*~*~tactically~*~*~ (stealth).
 29889 | Vaults:2 | 29889 ||| Stepping ~*~*~tactically~*~*~ (hiding).
 29890 | Vaults:2 | 29890 ||| Stepping ~*~*~tactically~*~*~ (hiding).
 29892 | Vaults:2 | 29892 ||| Stepping ~*~*~tactically~*~*~ (hiding).
 29999 | Vaults:2 | 29999 ||| Stepping ~*~*~tactically~*~*~ (hiding).
 30362 | Vaults:2 | Found Baucasud's Magic Scroll Shop.
 30368 | Vaults:2 | 30368 ||| BUYING scroll of teleportation (48 gold).
 30368 | Vaults:2 | Bought a scroll of teleportation for 48 gold pieces
 30368 | Vaults:2 | 30368 ||| BUYING scroll of teleportation (48 gold).
 30368 | Vaults:2 | Bought a scroll of teleportation for 48 gold pieces
 30424 | Vaults:2 | 30424 ||| Stepping ~*~*~tactically~*~*~ (hiding).
 30556 | Vaults:2 | Received a gift from Okawaru
 30557 | Vaults:2 | Reached skill level 16 in Fighting
 30568 | Vaults:2 | Reached XP level 20. HP: 131/131 MP: 27/27
 30664 | Vaults:2 | 30664 ||| DROPPING +2 cloak.
 30702 | Vaults:3 | 30702 ||| PLANNING BAZAAR
 30720 | Vaults:3 | 30720 ||| Stepping ~*~*~tactically~*~*~ (hiding).
 30740 | Vaults:3 | Received a gift from Okawaru
 30781 | Vaults:3 | Reached skill level 6 in Dodging
 30815 | Vaults:3 | Found a crumbling gateway.
 30825 | Vaults:3 | Noticed Mara
 30826 | Vaults:3 | 30826 ||| INVOKING Heroism.
 30827 | Vaults:3 | 30827 ||| INVOKING Finesse.
 30835 | Vaults:3 | 30835 ||| Stepping ~*~*~tactically~*~*~ (hiding).
 30845 | Vaults:3 | Killed Mara
 30997 | Vaults:3 | 30997 ||| Stepping ~*~*~tactically~*~*~ (stealth).
 31000 | Vaults:3 | 31000 ||| Stepping ~*~*~tactically~*~*~ (stealth).
 31002 | Vaults:3 | 31002 ||| Stepping ~*~*~tactically~*~*~ (stealth).
 31004 | Vaults:3 | 31004 ||| Stepping ~*~*~tactically~*~*~ (hiding).
 31010 | Vaults:3 | Received a gift from Okawaru
 31052 | Vaults:3 | Found Ybuibbept's Antique Armour Shoppe.
 31247 | Vaults:3 | Found a flickering gateway to a bazaar.
 31252 | Bazaar   | Entered a bazaar
 31252 | Bazaar   | Found Cohi's Book Shoppe.
 31252 | Bazaar   | Found Wysirgh's General Store.
 31274 | Bazaar   | 31274 ||| BUYING potion of curing (33 gold).
 31274 | Bazaar   | Bought a potion of curing for 33 gold pieces
 31274 | Bazaar   | 31274 ||| BUYING scroll of brand weapon (104 gold).
 31274 | Bazaar   | Bought a scroll of brand weapon for 104 gold pieces
 31274 | Bazaar   | 31274 ||| BUYING scroll of teleportation (33 gold).
 31274 | Bazaar   | Bought a scroll of teleportation for 33 gold pieces
 31283 | Vaults:3 | 31283 ||| PLANNING DESOLATION
 31333 | Desolati | Entered the Desolation of Salt
 31456 | Desolati | Reached ****** piety under Okawaru
 31458 | Desolati | Identified the +1 chain mail of Putsax {+Blink rCorr Int-3}
                  | (Okawaru gifted it to you in the Desolation of Salt)
 31458 | Desolati | Received a gift from Okawaru
 31528 | Desolati | 31528 ||| Stepping ~*~*~tactically~*~*~ (stealth).
 31529 | Desolati | 31529 ||| Stepping ~*~*~tactically~*~*~ (stealth).
 31541 | Desolati | Identified the amulet "Sott" {rF+ Regen+}
 31545 | Desolati | Identified the +10 battleaxe of the Dragonfly {speed, rF+}
 31547 | Desolati | Identified the +5 rapier "Obearhua" {heavy, Dex+2}
 31551 | Desolati | Identified the ring of Acluadet {Wiz Str+6}
 31628 | Desolati | 31628 ||| Stepping ~*~*~tactically~*~*~ (stealth).
 31749 | Desolati | Identified the amulet of Virurrod {Reflect +Inv SH+5}
 31771 | Desolati | Found the +3 Mad Mage's Maulers {Infuse+∞ VampMP -Cast}
 31806 | Desolati | Identified the ring "Mogirai" {rPois rF+ SInv}
 32031 | Desolati | Identified the ring of Geext {rPois rC+ rCorr}
 32037 | Desolati | Identified the ring "Myppabby" {Fire rCorr Str+4}
 32039 | Desolati | Identified the amulet "Izxoleij" {Reflect Fly rPois rN++
                  | rCorr SH+5}
 32098 | Desolati | Identified the ring of the Queen {rCorr Dex+4 Slay+6}
 32133 | Desolati | 32133 ||| DROPPING amulet of Dioxeg {Acrobat Str+2}.
 32134 | Desolati | 32134 ||| DROPPING amulet of guardian spirit.
 32135 | Desolati | 32135 ||| DROPPING amulet of Virurrod {Reflect +Inv SH+5}.
 32136 | Desolati | 32136 ||| DROPPING ring "Gaint" {rElec Will+ rCorr Str-3
                  | Int+6}.
 32137 | Desolati | 32137 ||| DROPPING ring of ice.
 32138 | Desolati | 32138 ||| DROPPING ring of protection from cold.
 32139 | Desolati | 32139 ||| DROPPING ring of fire.
 32140 | Desolati | 32140 ||| DROPPING ring of Acluadet {Wiz Str+6}.
 32141 | Desolati | 32141 ||| UPGRADING to ring "Mogirai" {rPois rF+ SInv}.
 32143 | Desolati | 32143 ||| UPGRADING to ring of the Queen {rCorr Dex+4
                  | Slay+6}.
 32145 | Desolati | 32145 ||| DROPPING +6 ring of strength.
 32171 | Vaults:3 | 32171 ||| PLANNING VAULTS:1-4
 32203 | Vaults:3 | Received a gift from Okawaru
 32232 | Vaults:3 | Identified the amulet of Mafo {rElec rN+ Regen+ Str-2}
 32600 | Vaults:3 | 32600 ||| DROPPING scarf of harm.
 32601 | Vaults:3 | 32601 ||| DROPPING amulet of Mafo {rElec rN+ Regen+ Str-2}.
 32655 | Vaults:4 | 32655 ||| Stepping ~*~*~tactically~*~*~ (hiding).
 32661 | Vaults:4 | 32661 ||| Stepping ~*~*~tactically~*~*~ (hiding).
 32662 | Vaults:4 | 32662 ||| Stepping ~*~*~tactically~*~*~ (hiding).
 32663 | Vaults:4 | 32663 ||| Stepping ~*~*~tactically~*~*~ (hiding).
 32667 | Vaults:4 | Reached skill level 9 in Throwing
 32708 | Vaults:4 | 32708 ||| Stepping ~*~*~tactically~*~*~ (hiding).
 32867 | Vaults:4 | 32867 ||| Stepping ~*~*~tactically~*~*~ (hiding).
 32868 | Vaults:4 | 32868 ||| Stepping ~*~*~tactically~*~*~ (hiding).
 32869 | Vaults:4 | 32869 ||| Stepping ~*~*~tactically~*~*~ (hiding).
 32870 | Vaults:4 | 32870 ||| Stepping ~*~*~tactically~*~*~ (hiding).
 32920 | Vaults:4 | 32920 ||| Stepping ~*~*~tactically~*~*~ (hiding).
 32921 | Vaults:4 | 32921 ||| Stepping ~*~*~tactically~*~*~ (hiding).
 32922 | Vaults:4 | 32922 ||| Stepping ~*~*~tactically~*~*~ (hiding).
 32923 | Vaults:4 | 32923 ||| Stepping ~*~*~tactically~*~*~ (hiding).
 32926 | Vaults:4 | Reached skill level 17 in Fighting
 32930 | Vaults:4 | Reached XP level 21. HP: 129/139 MP: 28/28
 32940 | Vaults:4 | Received a gift from Okawaru
 33111 | Vaults:4 | 33111 ||| INVOKING Heroism.
 33112 | Vaults:4 | 33112 ||| INVOKING Finesse.
 33334 | Vaults:4 | 33334 ||| Stepping ~*~*~tactically~*~*~ (hiding).
 33337 | Vaults:4 | 33337 ||| Stepping ~*~*~tactically~*~*~ (hiding).
 33460 | Vaults:4 | 33460 ||| Stepping ~*~*~tactically~*~*~ (hiding).
 33461 | Vaults:4 | 33461 ||| Stepping ~*~*~tactically~*~*~ (hiding).
 33558 | Vaults:4 | 33558 ||| Stepping ~*~*~tactically~*~*~ (stealth).
 33559 | Vaults:4 | Noticed an ancient lich
 33565 | Vaults:4 | 33565 ||| INVOKING Heroism.
 33567 | Vaults:4 | 33567 ||| INVOKING Finesse.
 33568 | Vaults:4 | Received a gift from Okawaru
 33572 | Vaults:4 | Killed an ancient lich
 33572 | Vaults:4 | Received a gift from Okawaru
 33634 | Vaults:4 | Identified the +5 dagger of Geuqanud {speed, Dex+3 Stlth+}
 33649 | Vaults:4 | Identified the ring "Xuptiw" {Wiz rElec Int+2 Slay+2}
 33916 | Vaults:4 | 33916 ||| Stepping ~*~*~tactically~*~*~ (stealth).
 33918 | Vaults:4 | 33918 ||| Stepping ~*~*~tactically~*~*~ (hiding).
 33919 | Vaults:4 | 33919 ||| Stepping ~*~*~tactically~*~*~ (hiding).
 33921 | Vaults:4 | 33921 ||| Stepping ~*~*~tactically~*~*~ (hiding).
 33922 | Vaults:4 | 33922 ||| Stepping ~*~*~tactically~*~*~ (hiding).
 34060 | Vaults:4 | 34060 ||| Stepping ~*~*~tactically~*~*~ (stealth).
 34105 | Vaults:4 | 34105 ||| PLANNING SNAKE:4
 34105 | Vaults:4 | 34105 ||| DROPPING ring "Xuptiw" {Wiz rElec Int+2 Slay+2}.
 34472 | Snake:4  | Entered Level 4 of the Snake Pit
 34510 | Snake:4  | Found Siwnakh's Distillery.
 34519 | Snake:4  | 34519 ||| BUYING 2 potions of curing (108 gold).
 34519 | Snake:4  | Bought 2 potions of curing for 108 gold pieces
 34519 | Snake:4  | 34519 ||| BUYING potion of curing (54 gold).
 34519 | Snake:4  | Bought a potion of curing for 54 gold pieces
 34519 | Snake:4  | 34519 ||| BUYING potion of curing (54 gold).
 34519 | Snake:4  | Bought a potion of curing for 54 gold pieces
 34519 | Snake:4  | 34519 ||| BUYING potion of haste (180 gold).
 34519 | Snake:4  | Bought a potion of haste for 180 gold pieces
 34519 | Snake:4  | 34519 ||| SHOPLISTING potion of heal wounds (90 gold, have
                  | 38).
 34519 | Snake:4  | 34519 ||| SHOPLISTING potion of magic (144 gold, have 38).
 34519 | Snake:4  | 34519 ||| SHOPLISTING potion of might (72 gold, have 38).
 34519 | Snake:4  | 34519 ||| SHOPLISTING potion of mutation (144 gold, have
                  | 38).
 34538 | Snake:4  | 34538 ||| Stepping ~*~*~tactically~*~*~ (stealth).
 34539 | Snake:4  | 34539 ||| Stepping ~*~*~tactically~*~*~ (stealth).
 34617 | Snake:4  | 34617 ||| Stepping ~*~*~tactically~*~*~ (stealth).
 34705 | Snake:4  | 34705 ||| Stepping ~*~*~tactically~*~*~ (hiding).
 34734 | Snake:4  | Received a gift from Okawaru
 34735 | Snake:4  | 34735 ||| Stepping ~*~*~tactically~*~*~ (hiding).
 34748 | Snake:4  | 34748 ||| Stepping ~*~*~tactically~*~*~ (hiding).
 34764 | Snake:4  | 34764 ||| Stepping ~*~*~tactically~*~*~ (stealth).
 34765 | Snake:4  | 34765 ||| Stepping ~*~*~tactically~*~*~ (stealth).
 34780 | Snake:4  | Identified the +0 cloak "Tenubafa" {rF+ rN+} (Okawaru
                  | gifted it to you on level 4 of the Snake Pit)
 34780 | Snake:4  | Received a gift from Okawaru
 34987 | Snake:4  | 34987 ||| Stepping ~*~*~tactically~*~*~ (hiding).
 35005 | Snake:4  | 35005 ||| Stepping ~*~*~tactically~*~*~ (hiding).
 35035 | Snake:4  | Found Kakhluvvo's One-of-a-Kind Rings.
 35043 | Snake:4  | 35043 ||| SHOPLISTING ring "Ahogak" {rF+ rN+ Dex+7 Slay+3}
                  | (1402 gold, have 47).
 35043 | Snake:4  | 35043 ||| SHOPLISTING ring "Vatyadin" {Will+ MP+9 Str+2
                  | Int+3 SInv} (851 gold, have 47).
 35043 | Snake:4  | 35043 ||| SHOPLISTING ring of Resumed Hostilities {rC++
                  | Will+} (891 gold, have 47).
 35056 | Snake:4  | 35056 ||| Stepping ~*~*~tactically~*~*~ (hiding).
 35176 | Snake:4  | Found Lisenol's Magic Scroll Shop.
 35221 | Snake:4  | 35221 ||| Stepping ~*~*~tactically~*~*~ (hiding).
 35222 | Snake:4  | 35222 ||| Stepping ~*~*~tactically~*~*~ (hiding).
 35223 | Snake:4  | 35223 ||| Stepping ~*~*~tactically~*~*~ (hiding).
 35226 | Snake:4  | 35226 ||| Stepping ~*~*~tactically~*~*~ (hiding).
 35227 | Snake:4  | 35227 ||| Stepping ~*~*~tactically~*~*~ (hiding).
 35229 | Snake:4  | 35229 ||| Stepping ~*~*~tactically~*~*~ (hiding).
 35230 | Snake:4  | 35230 ||| Stepping ~*~*~tactically~*~*~ (hiding).
 35231 | Snake:4  | 35231 ||| Stepping ~*~*~tactically~*~*~ (hiding).
 35453 | Snake:4  | Got a serpentine rune of Zot
 35469 | Snake:4  | 35469 ||| Stepping ~*~*~tactically~*~*~ (hiding).
 36092 | Snake:4  | 36092 ||| PLANNING DEPTHS
 36092 | Snake:4  | 36092 ||| DROPPING +2 cloak of preservation.
 36421 | Depths:1 | Entered Level 1 of the Depths
 36422 | Depths:1 | 36422 ||| INVOKING Finesse.
 36462 | Depths:1 | Identified the +0 ring mail of Grace {rC+}
 36497 | Depths:1 | Found a one-way gateway to a ziggurat.
 36563 | Depths:1 | Reached skill level 18 in Fighting
 36593 | Depths:1 | Found Qylealude's Demolitions Depot.
 36634 | Depths:1 | 36634 ||| INVOKING Heroism.
 36635 | Depths:1 | 36635 ||| INVOKING Finesse.
 36643 | Depths:1 | 36643 ||| Stepping ~*~*~tactically~*~*~ (hiding).
 36655 | Depths:1 | 36655 ||| Stepping ~*~*~tactically~*~*~ (stealth).
 36660 | Depths:1 | 36660 ||| Stepping ~*~*~tactically~*~*~ (stealth).
 36664 | Depths:1 | 36664 ||| Stepping ~*~*~tactically~*~*~ (hiding).
 36671 | Depths:1 | 36671 ||| Stepping ~*~*~tactically~*~*~ (hiding).
 36675 | Depths:1 | 36675 ||| Stepping ~*~*~tactically~*~*~ (hiding).
 36696 | Depths:1 | Found a gateway to Hell.
 36698 | Depths:1 | Received a gift from Okawaru
 36742 | Depths:1 | Found a one-way gate to the infinite horrors of the Abyss.
 36821 | Depths:1 | 36821 ||| FLEEEEING.
 36824 | Depths:1 | 36824 ||| FLEEEEING.
 36825 | Depths:1 | 36825 ||| FLEEEEING.
 36826 | Depths:1 | 36826 ||| FLEEEEING.
 36827 | Depths:1 | 36827 ||| FLEEEEING.
 36828 | Depths:1 | 36828 ||| FLEEEEING.
 36831 | Depths:1 | Reached XP level 22. HP: 135/147 MP: 29/29
 36900 | Depths:1 | 36900 ||| Stepping ~*~*~tactically~*~*~ (hiding).
 36908 | Depths:1 | Received a gift from Okawaru
 36909 | Depths:1 | 36909 ||| Stepping ~*~*~tactically~*~*~ (hiding).
 37194 | Depths:1 | 37194 ||| Stepping ~*~*~tactically~*~*~ (stealth).
 37232 | Depths:1 | Found a one-way gate leading to the halls of Pandemonium.
 37270 | Depths:1 | 37270 ||| INVOKING Heroism.
 37271 | Depths:1 | 37271 ||| INVOKING Finesse.
 37297 | Depths:1 | Received a gift from Okawaru
 37298 | Depths:1 | Reached skill level 21 in Armour
 37457 | Depths:1 | 37457 ||| Stepping ~*~*~tactically~*~*~ (hiding).
 37513 | Depths:1 | 37513 ||| Stepping ~*~*~tactically~*~*~ (hiding).
 37515 | Depths:1 | 37515 ||| INVOKING Heroism.
 37516 | Depths:1 | 37516 ||| INVOKING Finesse.
 37561 | Depths:1 | 37561 ||| Stepping ~*~*~tactically~*~*~ (stealth).
 37574 | Depths:1 | Received a gift from Okawaru
 37574 | Depths:1 | Found the +4 skin of Zhor {*Englaciate rC+++ SInv}
 37602 | Depths:1 | 37602 ||| INVOKING Heroism.
 37603 | Depths:1 | 37603 ||| INVOKING Finesse.
 37701 | Depths:1 | 37701 ||| Stepping ~*~*~tactically~*~*~ (stealth).
 37929 | Depths:1 | 37929 ||| DROPPING +2 pair of boots of rampaging.
 37962 | Depths:2 | 37962 ||| Stepping ~*~*~tactically~*~*~ (hiding).
 38092 | Depths:2 | 38092 ||| INVOKING Finesse.
 38193 | Depths:2 | 38193 ||| Stepping ~*~*~tactically~*~*~ (hiding).
 38194 | Depths:2 | 38194 ||| Stepping ~*~*~tactically~*~*~ (hiding).
 38220 | Depths:2 | 38220 ||| Stepping ~*~*~tactically~*~*~ (hiding).
 38245 | Depths:2 | 38245 ||| INVOKING Heroism.
 38246 | Depths:2 | 38246 ||| INVOKING Finesse.
 38322 | Depths:2 | Found a transporter.
 38325 | Depths:2 | Noticed qw's ghost (veteran GrFi)
 38326 | Depths:2 | Noticed a golden dragon
 38330 | Depths:2 | 38330 ||| Stepping ~*~*~tactically~*~*~ (stealth).
 38353 | Depths:2 | 38353 ||| INVOKING Heroism.
 38354 | Depths:2 | 38354 ||| INVOKING Finesse.
 38427 | Depths:2 | 38427 ||| INVOKING Heroism.
 38533 | Depths:2 | 38533 ||| INVOKING Heroism.
 38646 | Depths:2 | Identified the ring "Kyjieh" {rF+ Will+ AC+4}
 38670 | Depths:2 | Found a transporter.
 38693 | Depths:2 | 38693 ||| Stepping ~*~*~tactically~*~*~ (hiding).
 38696 | Depths:2 | 38696 ||| Stepping ~*~*~tactically~*~*~ (hiding).
 38697 | Depths:2 | 38697 ||| Stepping ~*~*~tactically~*~*~ (hiding).
 38698 | Depths:2 | 38698 ||| Stepping ~*~*~tactically~*~*~ (hiding).
 38700 | Depths:2 | 38700 ||| Stepping ~*~*~tactically~*~*~ (hiding).
 38703 | Depths:2 | 38703 ||| Stepping ~*~*~tactically~*~*~ (hiding).
 38704 | Depths:2 | 38704 ||| Stepping ~*~*~tactically~*~*~ (hiding).
 38705 | Depths:2 | 38705 ||| Stepping ~*~*~tactically~*~*~ (hiding).
 38706 | Depths:2 | 38706 ||| Stepping ~*~*~tactically~*~*~ (hiding).
 38823 | Depths:2 | Noticed Saint Roka
 38837 | Depths:2 | 38837 ||| INVOKING Heroism.
 38839 | Depths:2 | Killed Saint Roka
 38913 | Depths:2 | Reached skill level 19 in Fighting
 38949 | Depths:2 | 38949 ||| Stepping ~*~*~tactically~*~*~ (hiding).
 39254 | Depths:2 | 39254 ||| DROPPING scarf of harm.
 39317 | Depths:3 | 39317 ||| Stepping ~*~*~tactically~*~*~ (hiding).
 39318 | Depths:3 | 39318 ||| Stepping ~*~*~tactically~*~*~ (hiding).
 39323 | Depths:3 | 39323 ||| INVOKING Finesse.
 39369 | Depths:3 | 39369 ||| INVOKING Heroism.
 39370 | Depths:3 | 39370 ||| INVOKING Finesse.
 39454 | Depths:3 | 39454 ||| Stepping ~*~*~tactically~*~*~ (hiding).
 39524 | Depths:3 | 39524 ||| Stepping ~*~*~tactically~*~*~ (hiding).
 39525 | Depths:3 | 39525 ||| Stepping ~*~*~tactically~*~*~ (hiding).
 39526 | Depths:3 | 39526 ||| Stepping ~*~*~tactically~*~*~ (hiding).
 39534 | Depths:3 | Reached skill level 9 in Dodging
 39550 | Depths:3 | 39550 ||| INVOKING Heroism.
 39551 | Depths:3 | 39551 ||| INVOKING Finesse.
 39598 | Depths:3 | 39598 ||| Stepping ~*~*~tactically~*~*~ (hiding).
 39604 | Depths:3 | 39604 ||| INVOKING Heroism.
 39624 | Depths:3 | Received a gift from Okawaru
 39632 | Depths:3 | 39632 ||| INVOKING Heroism.
 39715 | Depths:3 | 39715 ||| Stepping ~*~*~tactically~*~*~ (hiding).
 39838 | Depths:3 | 39838 ||| Stepping ~*~*~tactically~*~*~ (hiding).
 39853 | Depths:3 | 39853 ||| FLEEEEING.
 39854 | Depths:3 | 39854 ||| FLEEEEING.
 39855 | Depths:3 | 39855 ||| FLEEEEING.
 39856 | Depths:3 | 39856 ||| FLEEEEING.
 39857 | Depths:3 | 39857 ||| FLEEEEING.
 39858 | Depths:3 | 39858 ||| FLEEEEING.
 39859 | Depths:3 | 39859 ||| FLEEEEING.
 39860 | Depths:3 | 39860 ||| FLEEEEING.
 39886 | Depths:3 | 39886 ||| INVOKING Heroism.
 39891 | Depths:3 | 39891 ||| Stepping ~*~*~tactically~*~*~ (hiding).
 39894 | Depths:3 | Identified the ring "Cuocar" {+Blink rPois EV+5 Int-3}
 39899 | Depths:3 | Reached XP level 23. HP: 128/155 MP: 30/30
 39903 | Depths:3 | 39903 ||| Stepping ~*~*~tactically~*~*~ (stealth).
 39917 | Depths:3 | Noticed a golden dragon
 39920 | Depths:3 | Killed a golden dragon
 39951 | Depths:3 | 39951 ||| INVOKING Heroism.
 39984 | Depths:3 | 39984 ||| INVOKING Heroism.
 40002 | Depths:3 | Noticed a golden dragon
 40003 | Depths:3 | 40003 ||| Stepping ~*~*~tactically~*~*~ (hiding).
 40008 | Depths:3 | Killed a golden dragon
 40026 | Depths:3 | 40026 ||| Stepping ~*~*~tactically~*~*~ (stealth).
 40086 | Depths:3 | 40086 ||| Stepping ~*~*~tactically~*~*~ (hiding).
 40096 | Depths:3 | Received a gift from Okawaru
 40128 | Depths:3 | 40128 ||| INVOKING Heroism.
 40228 | Depths:3 | Received a gift from Okawaru
 40298 | Depths:3 | 40298 ||| FLEEEEING.
 40299 | Depths:3 | 40299 ||| FLEEEEING.
 40300 | Depths:3 | 40300 ||| FLEEEEING.
 40301 | Depths:3 | 40301 ||| FLEEEEING.
 40416 | Depths:3 | 40416 ||| Stepping ~*~*~tactically~*~*~ (stealth).
 40497 | Depths:3 | 40497 ||| Stepping ~*~*~tactically~*~*~ (hiding).
 40679 | Depths:4 | Entered Level 4 of the Depths
 40681 | Depths:4 | 40681 ||| INVOKING Heroism.
 40682 | Depths:4 | 40682 ||| INVOKING Finesse.
 40700 | Depths:4 | Received a gift from Okawaru
 40750 | Depths:4 | Found Setoessu's Book Boutique.
 40753 | Depths:4 | 40753 ||| Stepping ~*~*~tactically~*~*~ (hiding).
 40759 | Depths:4 | 40759 ||| INVOKING Finesse.
 40762 | Depths:4 | Reached skill level 20 in Fighting
 40766 | Depths:4 | 40766 ||| Stepping ~*~*~tactically~*~*~ (hiding).
 40785 | Depths:4 | 40785 ||| Stepping ~*~*~tactically~*~*~ (hiding).
 40819 | Depths:4 | 40819 ||| Stepping ~*~*~tactically~*~*~ (stealth).
 40821 | Depths:4 | 40821 ||| Stepping ~*~*~tactically~*~*~ (stealth).
 40823 | Depths:4 | 40823 ||| Stepping ~*~*~tactically~*~*~ (hiding).
 40827 | Depths:4 | 40827 ||| Stepping ~*~*~tactically~*~*~ (hiding).
 40830 | Depths:4 | 40830 ||| INVOKING Heroism.
 40906 | Depths:4 | 40906 ||| Stepping ~*~*~tactically~*~*~ (hiding).
 40929 | Depths:4 | Found a gate to the Realm of Zot.
 40930 | Depths:4 | 40930 ||| INVOKING Heroism.
 40937 | Depths:4 | Reached skill level 21 in Shields
 40945 | Depths:4 | Received a gift from Okawaru
 40956 | Depths:4 | 40956 ||| INVOKING Finesse.
 41039 | Depths:4 | 41039 ||| Stepping ~*~*~tactically~*~*~ (hiding).
 41055 | Depths:4 | 41055 ||| Stepping ~*~*~tactically~*~*~ (hiding).
 41056 | Depths:4 | 41056 ||| Stepping ~*~*~tactically~*~*~ (hiding).
 41170 | Depths:4 | 41170 ||| INVOKING Heroism.
 41290 | Depths:4 | 41290 ||| INVOKING Heroism.
 41423 | Depths:4 | 41423 ||| Stepping ~*~*~tactically~*~*~ (hiding).
 41444 | Depths:4 | Found a radiant altar of Vehumet.
 41458 | Depths:4 | Received a gift from Okawaru
 41459 | Depths:4 | 41459 ||| FLEEEEING.
 41460 | Depths:4 | 41460 ||| FLEEEEING.
 41515 | Depths:4 | 41515 ||| INVOKING Heroism.
 41625 | Depths:4 | 41625 ||| Stepping ~*~*~tactically~*~*~ (hiding).
 41627 | Depths:4 | 41627 ||| Stepping ~*~*~tactically~*~*~ (hiding).
 41924 | Depths:4 | Received a gift from Okawaru
 41930 | Depths:4 | 41930 ||| INVOKING Heroism.
 41932 | Depths:4 | Reached skill level 21 in Fighting
 42000 | Depths:4 | 42000 ||| Stepping ~*~*~tactically~*~*~ (hiding).
 42002 | Depths:4 | 42002 ||| Stepping ~*~*~tactically~*~*~ (hiding).
 42007 | Depths:4 | Received a gift from Okawaru
 42200 | Depths:4 | 42200 ||| PLANNING VAULTS:5
 42531 | Vaults:5 | Entered Level 5 of the Vaults
 42532 | Vaults:5 | 42532 ||| INVOKING Heroism.
 42539 | Vaults:5 | Received a gift from Okawaru
 42541 | Vaults:5 | 42541 ||| STAIRDANCE
 42541 | Vaults:5 | Noticed a golden dragon
 42544 | Vaults:4 | Reached skill level 12 in Throwing
 42628 | Vaults:5 | Noticed a golden dragon
 42629 | Vaults:5 | 42629 ||| INVOKING Heroism.
 42631 | Vaults:5 | Received a gift from Okawaru
 42634 | Vaults:5 | Reached XP level 24. HP: 115/166 MP: 28/30
 42636 | Vaults:5 | Received a gift from Okawaru
 42637 | Vaults:5 | HP: 41/166 [deep elf archer/+0 longbow[a deep elf high
                  | priest] (11)]
 42638 | Vaults:5 | 42638 ||| READING 19 scrolls of teleportation.
 42639 | Vaults:5 | 42639 ||| DRINKING 5 potions of heal wounds.
 42641 | Vaults:5 | 42641 ||| STAIRDANCE
 42692 | Vaults:5 | 42692 ||| INVOKING Heroism.
 42705 | Vaults:5 | Received a gift from Okawaru
 42740 | Vaults:5 | 42740 ||| Stepping ~*~*~tactically~*~*~ (hiding).
 42745 | Vaults:5 | Received a gift from Okawaru
 42752 | Vaults:5 | 42752 ||| INVOKING Heroism.
 42756 | Vaults:5 | Reached skill level 22 in Fighting
 42828 | Vaults:5 | 42828 ||| Stepping ~*~*~tactically~*~*~ (stealth).
 42839 | Vaults:5 | 42839 ||| INVOKING Heroism.
 42842 | Vaults:5 | Identified the +1 cloak of Devotion {+Inv rCorr} (Okawaru
                  | gifted it to you on level 5 of the Vaults)
 42842 | Vaults:5 | Received a gift from Okawaru
 42902 | Vaults:5 | 42902 ||| INVOKING Heroism.
 42909 | Vaults:5 | 42909 ||| Stepping ~*~*~tactically~*~*~ (hiding).
 42911 | Vaults:5 | 42911 ||| Stepping ~*~*~tactically~*~*~ (hiding).
 42960 | Vaults:5 | 42960 ||| INVOKING Heroism.
 42995 | Vaults:5 | HP: 33/169 [stone giant (18)]
 42996 | Vaults:5 | 42996 ||| READING 18 scrolls of teleportation.
 42997 | Vaults:5 | 42997 ||| DRINKING 4 potions of heal wounds.
 42998 | Vaults:5 | 42998 ||| DRINKING 3 potions of heal wounds.
 42999 | Vaults:5 | 42999 ||| DRINKING 2 potions of heal wounds.
 43005 | Vaults:5 | 43005 ||| Stepping ~*~*~tactically~*~*~ (hiding).
 43271 | Vaults:5 | Found Bodiuca's Distillery.
 43275 | Vaults:5 | 43275 ||| BUYING potion of attraction (57 gold).
 43275 | Vaults:5 | Bought a potion of attraction for 57 gold pieces
 43275 | Vaults:5 | 43275 ||| BUYING potion of curing (57 gold).
 43275 | Vaults:5 | Bought a potion of curing for 57 gold pieces
 43275 | Vaults:5 | 43275 ||| BUYING potion of enlightenment (95 gold).
 43275 | Vaults:5 | Bought a potion of enlightenment for 95 gold pieces
 43275 | Vaults:5 | 43275 ||| BUYING potion of enlightenment (95 gold).
 43275 | Vaults:5 | Bought a potion of enlightenment for 95 gold pieces
 43275 | Vaults:5 | 43275 ||| BUYING potion of enlightenment (95 gold).
 43275 | Vaults:5 | Bought a potion of enlightenment for 95 gold pieces
 43275 | Vaults:5 | 43275 ||| BUYING potion of lignification (57 gold).
 43275 | Vaults:5 | Bought a potion of lignification for 57 gold pieces
 43275 | Vaults:5 | 43275 ||| BUYING potion of might (76 gold).
 43275 | Vaults:5 | Bought a potion of might for 76 gold pieces
 43275 | Vaults:5 | 43275 ||| BUYING potion of mutation (152 gold).
 43275 | Vaults:5 | Bought a potion of mutation for 152 gold pieces
 43275 | Vaults:5 | 43275 ||| SHOPLISTING potion of mutation (152 gold, have
                  | 48).
 43346 | Vaults:5 | Found the +5 robe of Night {Dark Will+ SInv}
 43365 | Vaults:5 | Identified the +9 plate armour "Miask" {Dex+3}
 43386 | Vaults:5 | Got a silver rune of Zot
 43397 | Vaults:5 | Identified the staff of the Mouth {rC+ Earth}
 43419 | Vaults:5 | 43419 ||| INVOKING Heroism.
 43425 | Vaults:5 | Received a gift from Okawaru
 43438 | Vaults:5 | Reached skill level 23 in Fighting
 43504 | Vaults:5 | Identified the +0 pair of boots of Melyes {Str-2 Int+3 SInv
                  | Stlth+}
 43512 | Vaults:5 | 43512 ||| FLEEEEING.
 43514 | Vaults:5 | 43514 ||| FLEEEEING.
 43515 | Vaults:5 | 43515 ||| FLEEEEING.
 43516 | Vaults:5 | 43516 ||| FLEEEEING.
 43517 | Vaults:5 | 43517 ||| FLEEEEING.
 43518 | Vaults:5 | 43518 ||| FLEEEEING.
 43519 | Vaults:5 | 43519 ||| FLEEEEING.
 43520 | Vaults:5 | 43520 ||| FLEEEEING.
 43534 | Vaults:5 | 43534 ||| FLEEEEING.
 43535 | Vaults:5 | 43535 ||| FLEEEEING.
 43536 | Vaults:5 | 43536 ||| FLEEEEING.
 43537 | Vaults:5 | 43537 ||| FLEEEEING.
 43538 | Vaults:5 | 43538 ||| FLEEEEING.
 43539 | Vaults:5 | 43539 ||| FLEEEEING.
 43540 | Vaults:5 | 43540 ||| FLEEEEING.
 43541 | Vaults:5 | 43541 ||| FLEEEEING.
 43542 | Vaults:5 | 43542 ||| FLEEEEING.
 43543 | Vaults:5 | 43543 ||| FLEEEEING.
 43544 | Vaults:5 | 43544 ||| FLEEEEING.
 43545 | Vaults:5 | 43545 ||| FLEEEEING.
 43552 | Vaults:5 | 43552 ||| FLEEEEING.
 43553 | Vaults:5 | 43553 ||| FLEEEEING.
 43554 | Vaults:5 | 43554 ||| FLEEEEING.
 43560 | Vaults:5 | 43560 ||| INVOKING Heroism.
 43940 | Vaults:5 | Found Baitimuh's Jewellery Boutique.
 43948 | Vaults:5 | 43948 ||| SHOPLISTING amulet "Vehaacopp" {Reflect rC++
                  | Str+5 Int-5 SH+5} (763 gold, have 379).
 43948 | Vaults:5 | 43948 ||| SHOPLISTING ring "Tiav" {Fire Drain rN++} (516
                  | gold, have 379).
 43948 | Vaults:5 | 43948 ||| SHOPLISTING ring of Feotuz {rPois Will+ Dex+2
                  | Slay+3} (742 gold, have 379).
 44232 | Vaults:5 | Identified the staff of Doom {rN+ Str+5 Necro}
 44241 | Vaults:5 | 44241 ||| PLANNING SHOPPING SPREE
 44241 | Vaults:5 | 44241 ||| DROPPING +2 acid dragon scales.
 44242 | Vaults:5 | 44242 ||| DROPPING amulet of regeneration.
 44243 | Vaults:5 | 44243 ||| DROPPING amulet of reflection.
 44244 | Vaults:5 | 44244 ||| DROPPING ring of resist corrosion.
 44245 | Vaults:5 | 44245 ||| READING scroll labelled LOSOAR QOLYNEU.
 44774 | Snake:4  | 44774 ||| BUYING potion of heal wounds (90 gold).
 44774 | Snake:4  | Bought a potion of heal wounds for 90 gold pieces
 44774 | Snake:4  | 44774 ||| BUYING potion of magic (144 gold).
 44774 | Snake:4  | Bought a potion of magic for 144 gold pieces
 44774 | Snake:4  | 44774 ||| BUYING potion of might (72 gold).
 44774 | Snake:4  | Bought a potion of might for 72 gold pieces
 44774 | Snake:4  | 44774 ||| BUYING potion of mutation (144 gold).
 44774 | Snake:4  | Bought a potion of mutation for 144 gold pieces
 45202 | Vaults:5 | 45202 ||| BUYING potion of mutation (152 gold).
 45202 | Vaults:5 | Bought a potion of mutation for 152 gold pieces
 45202 | Vaults:5 | 45202 ||| CLEARING SHOPPING LIST
 45202 | Vaults:5 | 45202 ||| PLANNING ZOT:1-4
 45508 | Zot:1    | Entered Level 1 of the Realm of Zot
 45510 | Zot:1    | Noticed an orb of fire
 45511 | Zot:1    | 45511 ||| INVOKING Heroism.
 45512 | Zot:1    | 45512 ||| INVOKING Finesse.
 45514 | Zot:1    | Reached XP level 25. HP: 176/176 MP: 23/30
 45529 | Zot:1    | Killed an orb of fire
 45529 | Zot:1    | Received a gift from Okawaru
 45583 | Zot:1    | Identified the +1 flail of Cowardice {speed, *Slow rF+
                  | Int+4 Dex+3}
 45705 | Zot:1    | 45705 ||| INVOKING Heroism.
 45775 | Zot:1    | 45775 ||| Stepping ~*~*~tactically~*~*~ (stealth).
 45813 | Zot:1    | 45813 ||| Stepping ~*~*~tactically~*~*~ (stealth).
 45818 | Zot:1    | 45818 ||| Stepping ~*~*~tactically~*~*~ (hiding).
 45819 | Zot:1    | 45819 ||| Stepping ~*~*~tactically~*~*~ (hiding).
 45826 | Zot:1    | 45826 ||| Stepping ~*~*~tactically~*~*~ (hiding).
 45827 | Zot:1    | 45827 ||| Stepping ~*~*~tactically~*~*~ (hiding).
 45836 | Zot:1    | Received a gift from Okawaru
 45837 | Zot:1    | 45837 ||| Stepping ~*~*~tactically~*~*~ (hiding).
 45843 | Zot:1    | 45843 ||| Stepping ~*~*~tactically~*~*~ (hiding).
 45845 | Zot:1    | 45845 ||| Stepping ~*~*~tactically~*~*~ (hiding).
 45854 | Zot:1    | 45854 ||| Stepping ~*~*~tactically~*~*~ (hiding).
 45860 | Zot:1    | 45860 ||| Stepping ~*~*~tactically~*~*~ (hiding).
 45861 | Zot:1    | 45861 ||| Stepping ~*~*~tactically~*~*~ (hiding).
 45862 | Zot:1    | 45862 ||| Stepping ~*~*~tactically~*~*~ (hiding).
 46079 | Zot:1    | 46079 ||| Stepping ~*~*~tactically~*~*~ (hiding).
 46104 | Zot:1    | 46104 ||| Stepping ~*~*~tactically~*~*~ (stealth).
 46265 | Zot:1    | 46265 ||| Stepping ~*~*~tactically~*~*~ (hiding).
 46539 | Zot:1    | 46539 ||| DROPPING ring of positive energy.
 46622 | Zot:2    | 46622 ||| Stepping ~*~*~tactically~*~*~ (hiding).
 46624 | Zot:2    | 46624 ||| Stepping ~*~*~tactically~*~*~ (hiding).
 46803 | Zot:2    | 46803 ||| Stepping ~*~*~tactically~*~*~ (hiding).
 46807 | Zot:2    | 46807 ||| Stepping ~*~*~tactically~*~*~ (hiding).
 46808 | Zot:2    | 46808 ||| Stepping ~*~*~tactically~*~*~ (hiding).
 46831 | Zot:2    | 46831 ||| INVOKING Heroism.
 46870 | Zot:2    | 46870 ||| Stepping ~*~*~tactically~*~*~ (hiding).
 46871 | Zot:2    | 46871 ||| Stepping ~*~*~tactically~*~*~ (hiding).
 46874 | Zot:2    | 46874 ||| Stepping ~*~*~tactically~*~*~ (hiding).
 46891 | Zot:2    | 46891 ||| Stepping ~*~*~tactically~*~*~ (hiding).
 46892 | Zot:2    | 46892 ||| Stepping ~*~*~tactically~*~*~ (hiding).
 46893 | Zot:2    | 46893 ||| Stepping ~*~*~tactically~*~*~ (hiding).
 46894 | Zot:2    | 46894 ||| Stepping ~*~*~tactically~*~*~ (hiding).
 46895 | Zot:2    | 46895 ||| Stepping ~*~*~tactically~*~*~ (hiding).
 46923 | Zot:2    | 46923 ||| Stepping ~*~*~tactically~*~*~ (hiding).
 46924 | Zot:2    | 46924 ||| Stepping ~*~*~tactically~*~*~ (hiding).
 46925 | Zot:2    | 46925 ||| Stepping ~*~*~tactically~*~*~ (hiding).
 46942 | Zot:2    | 46942 ||| Stepping ~*~*~tactically~*~*~ (stealth).
 46985 | Zot:2    | Reached skill level 24 in Fighting
 47234 | Zot:2    | Received a gift from Okawaru
 47277 | Zot:2    | 47277 ||| Stepping ~*~*~tactically~*~*~ (hiding).
 47323 | Zot:2    | 47323 ||| Stepping ~*~*~tactically~*~*~ (hiding).
 47334 | Zot:2    | Received a gift from Okawaru
 47503 | Zot:2    | 47503 ||| Stepping ~*~*~tactically~*~*~ (hiding).
 47870 | Zot:3    | 47870 ||| INVOKING Heroism.
 47933 | Zot:3    | 47933 ||| Stepping ~*~*~tactically~*~*~ (stealth).
 47934 | Zot:3    | 47934 ||| Stepping ~*~*~tactically~*~*~ (stealth).
 48013 | Zot:3    | 48013 ||| INVOKING Heroism.
 48091 | Zot:3    | 48091 ||| INVOKING Heroism.
 48186 | Zot:3    | 48186 ||| INVOKING Heroism.
 48236 | Zot:3    | 48236 ||| Stepping ~*~*~tactically~*~*~ (hiding).
 48239 | Zot:3    | 48239 ||| Stepping ~*~*~tactically~*~*~ (hiding).
 48240 | Zot:3    | 48240 ||| Stepping ~*~*~tactically~*~*~ (hiding).
 48241 | Zot:3    | 48241 ||| Stepping ~*~*~tactically~*~*~ (hiding).
 48243 | Zot:3    | 48243 ||| Stepping ~*~*~tactically~*~*~ (hiding).
 48338 | Zot:3    | 48338 ||| Stepping ~*~*~tactically~*~*~ (hiding).
 48339 | Zot:3    | 48339 ||| Stepping ~*~*~tactically~*~*~ (hiding).
 48340 | Zot:3    | 48340 ||| Stepping ~*~*~tactically~*~*~ (hiding).
 48359 | Zot:3    | Identified the +0 robe of Xethi {Str+2} (Okawaru gifted it
                  | to you on level 3 of the Realm of Zot)
 48359 | Zot:3    | Received a gift from Okawaru
 48631 | Zot:4    | 48631 ||| INVOKING Heroism.
 48638 | Zot:4    | Noticed a dread lich
 48638 | Zot:4    | 48638 ||| INVOKING Finesse.
 48646 | Zot:4    | Reached skill level 25 in Fighting
 48649 | Zot:4    | Killed a dread lich
 48650 | Zot:4    | Noticed a dread lich
 48652 | Zot:4    | Reached XP level 26. HP: 90/188 MP: 17/30
 48656 | Zot:4    | Killed a dread lich
 48662 | Zot:4    | HP: 31/188 [purple draconian shifter/bolt of dispelling
                  | energy (29)]
 48663 | Zot:4    | 48663 ||| READING 21 scrolls of teleportation.
 48664 | Zot:4    | 48664 ||| DRINKING 5 potions of heal wounds.
 48666 | Zot:4    | 48666 ||| INVOKING Heroism.
 48670 | Zot:4    | HP: 46/188 [titan/bolt of lightning (7)]
 48671 | Zot:4    | 48671 ||| DRINKING 4 potions of heal wounds.
 48674 | Zot:4    | 48674 ||| Stepping ~*~*~tactically~*~*~ (hiding).
 48682 | Zot:4    | Reached skill level 12 in Dodging
 48698 | Zot:4    | HP: 39/188 [red draconian scorcher/+0 whip (11)]
 48699 | Zot:4    | 48699 ||| READING 20 scrolls of teleportation.
 48700 | Zot:4    | 48700 ||| DRINKING 3 potions of heal wounds.
 48802 | Zot:4    | Identified the ring of Xaemoetsi {EV+5 Str+2}
 48857 | Zot:4    | 48857 ||| Stepping ~*~*~tactically~*~*~ (hiding).
 48891 | Zot:4    | 48891 ||| Stepping ~*~*~tactically~*~*~ (hiding).
 48898 | Zot:4    | 48898 ||| Stepping ~*~*~tactically~*~*~ (hiding).
 48958 | Zot:4    | 48958 ||| Stepping ~*~*~tactically~*~*~ (hiding).
 48961 | Zot:4    | 48961 ||| INVOKING Heroism.
 48973 | Zot:4    | Received a gift from Okawaru
 48978 | Zot:4    | 48978 ||| Stepping ~*~*~tactically~*~*~ (hiding).
 48989 | Zot:4    | Reached skill level 15 in Throwing
 49017 | Zot:4    | 49017 ||| Stepping ~*~*~tactically~*~*~ (hiding).
 49018 | Zot:4    | 49018 ||| Stepping ~*~*~tactically~*~*~ (hiding).
 49123 | Zot:4    | 49123 ||| INVOKING Heroism.
 49174 | Zot:4    | 49174 ||| Stepping ~*~*~tactically~*~*~ (hiding).
 49279 | Zot:4    | 49279 ||| Stepping ~*~*~tactically~*~*~ (stealth).
 49419 | Zot:4    | 49419 ||| Stepping ~*~*~tactically~*~*~ (hiding).
 49433 | Zot:4    | 49433 ||| Stepping ~*~*~tactically~*~*~ (hiding).
 49434 | Zot:4    | 49434 ||| Stepping ~*~*~tactically~*~*~ (hiding).
 49435 | Zot:4    | 49435 ||| INVOKING Heroism.
 49534 | Zot:4    | 49534 ||| Stepping ~*~*~tactically~*~*~ (hiding).
 50082 | Zot:4    | 50082 ||| PLANNING SLIME:5
 50082 | Zot:4    | 50082 ||| REMOVING ring "Mogirai" {rPois rF+ SInv}.
 50083 | Zot:4    | 50083 ||| DROPPING +1 cloak.
 50084 | Zot:4    | 50084 ||| UPGRADING to ring of Xaemoetsi {EV+5 Str+2}.
 50085 | Zot:4    | 50085 ||| DROPPING +5 ring of evasion.
 50086 | Zot:4    | 50086 ||| READING scroll labelled NOSOAT AT LUJ.
 50571 | Slime:1  | Entered Level 1 of the Pits of Slime
 50575 | Slime:1  | 50575 ||| STAIRDANCE
 50717 | Slime:2  | 50717 ||| Stepping ~*~*~tactically~*~*~ (wall).
 50720 | Slime:2  | 50720 ||| Stepping ~*~*~tactically~*~*~ (wall).
 50739 | Slime:3  | Received a gift from Okawaru
 50739 | Slime:3  | Found the +10 tower shield of Ignorance {rN+ Int-4}
 50747 | Slime:3  | 50747 ||| Stepping ~*~*~tactically~*~*~ (stealth).
 50758 | Slime:3  | Gained mutation: You have hidden genetic defects. [a
                  | shining eye]
 50759 | Slime:3  | Gained mutation: Armour fits poorly on your strangely
                  | shaped body. [a shining eye]
 50761 | Slime:3  | 50761 ||| DRINKING 9 potions of mutation.
 50761 | Slime:3  | Lost mutation: Your flesh is heat resistant. (rF+) [potion
                  | of mutation]
 50761 | Slime:3  | Lost mutation: You have hidden genetic defects. [potion of
                  | mutation]
 50761 | Slime:3  | Gained mutation: You passively map a small area around you.
                  | [potion of mutation]
 50762 | Slime:3  | 50762 ||| DRINKING 8 potions of mutation.
 50762 | Slime:3  | Lost mutation: You passively map a small area around you.
                  | [potion of mutation]
 50762 | Slime:3  | Lost mutation: Your natural rate of healing is unusually
                  | fast. [potion of mutation]
 50762 | Slime:3  | Gained mutation: You are partially covered in iridescent
                  | scales. (AC +2) [potion of mutation]
 50762 | Slime:3  | Gained mutation: You are vulnerable to cold. (rC-) [potion
                  | of mutation]
 50762 | Slime:3  | Gained mutation: You are agile. (Dex +4, Str/Int -1)
                  | [potion of mutation]
 50763 | Slime:3  | 50763 ||| DRINKING 7 potions of mutation.
 50763 | Slime:3  | Lost mutation: You are vulnerable to cold. (rC-) [potion of
                  | mutation]
 50763 | Slime:3  | Lost mutation: You are partially covered in iridescent
                  | scales. (AC +2) [potion of mutation]
 50763 | Slime:3  | Gained mutation: You have a pair of small horns on your
                  | head. [potion of mutation]
 50763 | Slime:3  | Gained mutation: You have hidden genetic potential. [potion
                  | of mutation]
 50764 | Slime:3  | 50764 ||| DRINKING 6 potions of mutation.
 50764 | Slime:3  | Lost mutation: Armour fits poorly on your strangely shaped
                  | body. [potion of mutation]
 50764 | Slime:3  | Lost mutation: You have hidden genetic potential. [potion
                  | of mutation]
 50764 | Slime:3  | Lost mutation: You have a pair of small horns on your head.
                  | [potion of mutation]
 50764 | Slime:3  | Lost mutation: You are agile. (Dex +4, Str/Int -1) [potion
                  | of mutation]
 50764 | Slime:3  | Gained mutation: You are weak. (Str -2) [potion of
                  | mutation]
 50764 | Slime:3  | Gained mutation: You are somewhat resistant to further
                  | mutation. [potion of mutation]
 50767 | Slime:3  | 50767 ||| Stepping ~*~*~tactically~*~*~ (stealth).
 50769 | Slime:3  | 50769 ||| Stepping ~*~*~tactically~*~*~ (hiding).
 50789 | Slime:3  | 50789 ||| UPGRADING to +2 helmet.
 50794 | Slime:3  | 50794 ||| UPGRADING to +10 tower shield of Ignorance {rN+
                  | Int-4}.
 50804 | Slime:3  | 50804 ||| DROPPING +1 tower shield of reflection.
 50824 | Slime:4  | Reached skill level 26 in Fighting
 50832 | Slime:5  | Entered Level 5 of the Pits of Slime
 50967 | Slime:5  | Noticed the Royal Jelly
 50968 | Slime:5  | 50968 ||| INVOKING Heroism.
 50969 | Slime:5  | 50969 ||| INVOKING Finesse.
 50983 | Slime:5  | Killed the Royal Jelly
 51024 | Slime:5  | 51024 ||| Stepping ~*~*~tactically~*~*~ (hiding).
 51026 | Slime:5  | 51026 ||| Stepping ~*~*~tactically~*~*~ (hiding).
 51029 | Slime:5  | 51029 ||| INVOKING Heroism.
 51096 | Slime:5  | 51096 ||| INVOKING Heroism.
 51230 | Slime:5  | 51230 ||| Stepping ~*~*~tactically~*~*~ (stealth).
 51237 | Slime:5  | 51237 ||| DRINKING 26 potions of curing.
 51237 | Slime:5  | 51237 ||| (to cure confusion)
 51253 | Slime:5  | Identified the +3 fire dragon scales of Xurul {Contam
                  | Rampage rF++ rC- Will++ rCorr}
 51260 | Slime:5  | Identified the ring "Plog" {rC+ Int+6}
 51267 | Slime:5  | Identified the +9 broad axe of Kudegon {heavy, rPois rF+
                  | Will-}
 51273 | Slime:5  | Identified the +8 arbalest of the Holding Stoat {freeze,
                  | Dex+6 SInv Stlth-}
 51287 | Slime:5  | Got a slimy rune of Zot
 51288 | Slime:5  | Identified the ring "Maar" {Fly rPois rC+}
 51316 | Slime:5  | Found the amulet of the Air {Inacc Air Fly rElec RMsl}
 51337 | Slime:5  | Identified the staff of Undoing {Str+6 Int-5 Conj}
 51339 | Slime:5  | Identified the +0 robe of the Tarantula {rN+ Dex+6}
 51352 | Slime:5  | Identified the staff "Tulo" {rF+ Str+2 Fire}
 51364 | Slime:5  | 51364 ||| Stepping ~*~*~tactically~*~*~ (stealth).
 51663 | Slime:5  | 51663 ||| PLANNING THE SHINING ONE WORSHIP
 51663 | Slime:5  | 51663 ||| DROPPING +3 fire dragon scales of Xurul {Contam
                  | Rampage rF++ rC- Will++ rCorr}.
 51664 | Slime:5  | 51664 ||| DROPPING +0 pair of boots of flying.
 51665 | Slime:5  | 51665 ||| DROPPING +1 cloak of Devotion {+Inv rCorr}.
 51666 | Slime:5  | 51666 ||| DROPPING +2 pair of boots.
 51667 | Slime:5  | 51667 ||| DROPPING +1 chain mail of Putsax {+Blink rCorr
                  | Int-3}.
 51668 | Slime:5  | 51668 ||| UPGRADING to +0 pair of boots of Melyes {Str-2
                  | Int+3 SInv Stlth+}.
 51678 | Slime:5  | 51678 ||| DROPPING ring of see invisible.
 51679 | Slime:5  | 51679 ||| DROPPING ring "Plog" {rC+ Int+6}.
 51680 | Slime:5  | 51680 ||| DROPPING ring "Maar" {Fly rPois rC+}.
 51681 | Slime:5  | 51681 ||| DROPPING ring of protection from fire.
 52006 | Temple   | Fell from the grace of Okawaru
 52006 | Temple   | Became a worshipper of the Shining One
 52007 | Temple   | 52007 ||| PLANNING CRYPT
 52263 | Crypt:1  | Entered Level 1 of the Crypt
 52294 | Crypt:1  | Reached * piety under the Shining One
 52324 | Crypt:1  | 52324 ||| FLEEEEING.
 52410 | Crypt:1  | Reached ** piety under the Shining One
 52648 | Crypt:1  | 52648 ||| Stepping ~*~*~tactically~*~*~ (hiding).
 52651 | Crypt:1  | 52651 ||| Stepping ~*~*~tactically~*~*~ (hiding).
 52700 | Crypt:1  | 52700 ||| Stepping ~*~*~tactically~*~*~ (stealth).
 52706 | Crypt:1  | 52706 ||| Stepping ~*~*~tactically~*~*~ (stealth).
 52735 | Crypt:1  | Reached skill level 12 in Invocations
 52741 | Crypt:1  | Reached *** piety under the Shining One
 52852 | Crypt:1  | Reached XP level 27. HP: 197/197 MP: 32/32
 53097 | Crypt:1  | Reached **** piety under the Shining One
 53195 | Crypt:1  | 53195 ||| UPGRADING to +0 pair of boots "Juff" {Str+3}.
 53205 | Crypt:1  | 53205 ||| DROPPING +0 pair of boots of Melyes {Str-2 Int+3
                  | SInv Stlth+}.
 53206 | Crypt:1  | 53206 ||| DROPPING ring "Mogirai" {rPois rF+ SInv}.
 53254 | Crypt:2  | 53254 ||| PLANNING WIZLAB
 53290 | Crypt:2  | 53290 ||| Stepping ~*~*~tactically~*~*~ (stealth).
 53291 | Crypt:2  | 53291 ||| Stepping ~*~*~tactically~*~*~ (stealth).
 53315 | Crypt:2  | 53315 ||| Stepping ~*~*~tactically~*~*~ (hiding).
 53318 | Crypt:2  | 53318 ||| Stepping ~*~*~tactically~*~*~ (hiding).
 53351 | Crypt:2  | 53351 ||| DRINKING 27 potions of curing.
 53351 | Crypt:2  | 53351 ||| (to cure confusion)
 53426 | Crypt:2  | Reached ***** piety under the Shining One
 53538 | Crypt:2  | 53538 ||| FLEEEEING.
 53539 | Crypt:2  | 53539 ||| FLEEEEING.
 53540 | Crypt:2  | 53540 ||| FLEEEEING.
 53541 | Crypt:2  | 53541 ||| FLEEEEING.
 53542 | Crypt:2  | 53542 ||| FLEEEEING.
 53543 | Crypt:2  | 53543 ||| FLEEEEING.
 53544 | Crypt:2  | 53544 ||| FLEEEEING.
 53546 | Crypt:2  | 53546 ||| FLEEEEING.
 53547 | Crypt:2  | 53547 ||| FLEEEEING.
 53548 | Crypt:2  | 53548 ||| FLEEEEING.
 53549 | Crypt:2  | 53549 ||| FLEEEEING.
 53550 | Crypt:2  | 53550 ||| FLEEEEING.
 53551 | Crypt:2  | 53551 ||| FLEEEEING.
 53552 | Crypt:2  | 53552 ||| FLEEEEING.
 53553 | Crypt:2  | 53553 ||| FLEEEEING.
 53554 | Crypt:2  | 53554 ||| FLEEEEING.
 53555 | Crypt:2  | 53555 ||| FLEEEEING.
 53556 | Crypt:2  | 53556 ||| FLEEEEING.
 53557 | Crypt:2  | 53557 ||| FLEEEEING.
 53558 | Crypt:2  | 53558 ||| FLEEEEING.
 53628 | Crypt:2  | 53628 ||| Stepping ~*~*~tactically~*~*~ (hiding).
 53688 | Crypt:2  | Found a magical portal.
 53697 | WizLab   | Entered Zonguldrok's Shrine
 53758 | WizLab   | 53758 ||| Stepping ~*~*~tactically~*~*~ (stealth).
 53806 | WizLab   | Reached ****** piety under the Shining One
 53825 | WizLab   | 53825 ||| INVOKING Brand Weapon With Holy Wrath.
 53825 | WizLab   | Identified a +9 broad axe of holy wrath (a +9 spectral
                  | broad axe blessed by the Shining One)
 53825 | WizLab   | Received a gift from the Shining One
 53826 | WizLab   | 53826 ||| SWAPPING to +9 broad axe of Kudegon {heavy, rPois
                  | rF+ Will-}.
 53847 | WizLab   | 53847 ||| Stepping ~*~*~tactically~*~*~ (stealth).
 53978 | WizLab   | Noticed an antique lich
 53985 | WizLab   | Killed an antique lich
 53988 | WizLab   | Found the +9 sword of Zonguldrok {reap}
 54090 | Crypt:2  | 54090 ||| PLANNING CRYPT
 54090 | Crypt:2  | 54090 ||| SWAPPING to +9 broad axe of holy wrath.
 54338 | Crypt:2  | 54338 ||| Stepping ~*~*~tactically~*~*~ (stealth).
 54341 | Crypt:2  | 54341 ||| Stepping ~*~*~tactically~*~*~ (stealth).
 54566 | Crypt:3  | Entered Level 3 of the Crypt
 54575 | Crypt:3  | 54575 ||| Stepping ~*~*~tactically~*~*~ (stealth).
 54589 | Crypt:3  | 54589 ||| INVOKING Cleansing Flame.
 54594 | Crypt:3  | Reached skill level 15 in Invocations
 54647 | Crypt:3  | 54647 ||| Stepping ~*~*~tactically~*~*~ (stealth).
 54648 | Crypt:3  | 54648 ||| Stepping ~*~*~tactically~*~*~ (stealth).
 54657 | Crypt:3  | 54657 ||| Stepping ~*~*~tactically~*~*~ (hiding).
 54658 | Crypt:3  | 54658 ||| Stepping ~*~*~tactically~*~*~ (hiding).
 54765 | Crypt:3  | 54765 ||| Stepping ~*~*~tactically~*~*~ (hiding).
 54870 | Crypt:3  | 54870 ||| Stepping ~*~*~tactically~*~*~ (hiding).
 55041 | Crypt:3  | 55041 ||| Stepping ~*~*~tactically~*~*~ (stealth).
 55296 | Crypt:3  | 55296 ||| Stepping ~*~*~tactically~*~*~ (stealth).
 55297 | Crypt:3  | 55297 ||| Stepping ~*~*~tactically~*~*~ (hiding).
 55298 | Crypt:3  | 55298 ||| Stepping ~*~*~tactically~*~*~ (hiding).
 55341 | Crypt:3  | 55341 ||| FLEEEEING.
 55342 | Crypt:3  | 55342 ||| STAIRDANCE
 55427 | Crypt:3  | Found a staircase to the Tomb.
 55983 | Crypt:3  | 55983 ||| READING scroll of acquirement.
 55983 | Crypt:3  | 55983 ||| ACQUIRING +2 broad axe of Moral Flaws {heavy,
                  | Str+5 SInv}
 55983 | Crypt:3  | Acquired the +2 broad axe of Moral Flaws {heavy, Str+5
                  | SInv}
 56042 | Crypt:3  | 56042 ||| PLANNING TOMB
 56055 | Tomb:1   | Entered Level 1 of the Tomb of the Ancients
 56070 | Tomb:1   | 56070 ||| DRINKING 27 potions of curing.
 56070 | Tomb:1   | 56070 ||| (to cure confusion)
 56085 | Tomb:1   | 56085 ||| INVOKING Summon Divine Warrior.
 56403 | Tomb:1   | 56403 ||| FLEEEEING.
 56420 | Tomb:1   | 56420 ||| FLEEEEING.
 56817 | Tomb:1   | 56817 ||| INVOKING Summon Divine Warrior.
 56820 | Tomb:1   | Noticed a royal mummy
 56820 | Tomb:1   | Noticed a royal mummy
 56821 | Tomb:1   | 56821 ||| INVOKING Cleansing Flame.
 56822 | Tomb:1   | 56822 ||| INVOKING Cleansing Flame.
 56826 | Tomb:1   | 56826 ||| INVOKING Cleansing Flame.
 56827 | Tomb:1   | 56827 ||| INVOKING Cleansing Flame.
 56830 | Tomb:1   | Killed a royal mummy
 56831 | Tomb:1   | Reached skill level 18 in Invocations
 56831 | Tomb:1   | 56831 ||| INVOKING Cleansing Flame.
 56832 | Tomb:1   | 56832 ||| INVOKING Cleansing Flame.
 56832 | Tomb:1   | Noticed a royal mummy
 56833 | Tomb:1   | 56833 ||| INVOKING Cleansing Flame.
 56833 | Tomb:1   | Killed a royal mummy
 56834 | Tomb:1   | Noticed a royal mummy
 56837 | Tomb:1   | 56837 ||| INVOKING Cleansing Flame.
 56838 | Tomb:1   | 56838 ||| INVOKING Summon Divine Warrior.
 56844 | Tomb:1   | HP: 44/197 [royal mummy/divine providence (9)]
 56845 | Tomb:1   | 56845 ||| READING 28 scrolls of teleportation.
 56846 | Tomb:1   | 56846 ||| DRINKING 3 potions of heal wounds.
 56855 | Tomb:1   | 56855 ||| INVOKING Summon Divine Warrior.
 56858 | Tomb:1   | HP: 36/197 [frost giant/bolt of cold[the fury of Okawaru]
                  | (37)]
 56859 | Tomb:1   | 56859 ||| READING 27 scrolls of teleportation.
 56860 | Tomb:1   | 56860 ||| DRINKING 2 potions of heal wounds.
 56941 | Tomb:1   | Was forgiven by Okawaru
 56949 | Tomb:1   | 56949 ||| INVOKING Summon Divine Warrior.
 56949 | Tomb:1   | Identified the +8 tower shield "Focym" {rElec Int+9}
 57032 | Tomb:1   | 57032 ||| INVOKING Cleansing Flame.
 57035 | Tomb:1   | Killed a royal mummy
 57263 | Tomb:1   | 57263 ||| INVOKING Cleansing Flame.
 57264 | Tomb:1   | 57264 ||| INVOKING Cleansing Flame.
 57270 | Tomb:1   | 57270 ||| FLEEEEING.
 57273 | Tomb:1   | Lost mutation: You are weak. (Str -2) [mutagenic glow]
 57285 | Tomb:1   | 57285 ||| INVOKING Cleansing Flame.
 57286 | Tomb:1   | 57286 ||| INVOKING Cleansing Flame.
 57287 | Tomb:1   | 57287 ||| INVOKING Cleansing Flame.
 57287 | Tomb:1   | Killed a royal mummy
 57289 | Tomb:1   | Gained mutation: Your body sometimes deteriorates upon
                  | taking damage. [mutagenic glow]
 57305 | Tomb:1   | Gained mutation: You are weak. (Str -2) [mutagenic glow]
 57498 | Tomb:1   | 57498 ||| INVOKING Cleansing Flame.
 57557 | Tomb:2   | 57557 ||| DRINKING 11 potions of haste.
 57558 | Tomb:2   | 57558 ||| DRINKING 14 potions of attraction.
 57559 | Tomb:2   | 57559 ||| INVOKING Cleansing Flame.
 57559 | Tomb:2   | Noticed a royal mummy
 57559 | Tomb:2   | Noticed a royal mummy
 57559 | Tomb:2   | Noticed a royal mummy
 57559 | Tomb:2   | Noticed a royal mummy
 57560 | Tomb:2   | 57560 ||| INVOKING Summon Divine Warrior.
 57561 | Tomb:2   | 57561 ||| INVOKING Cleansing Flame.
 57562 | Tomb:2   | 57562 ||| INVOKING Cleansing Flame.
 57564 | Tomb:2   | 57564 ||| INVOKING Cleansing Flame.
 57565 | Tomb:2   | 57565 ||| INVOKING Cleansing Flame.
 57566 | Tomb:2   | 57566 ||| INVOKING Summon Divine Warrior.
 57567 | Tomb:2   | 57567 ||| INVOKING Cleansing Flame.
 57567 | Tomb:2   | Killed a royal mummy
 57567 | Tomb:2   | Killed a royal mummy
 57568 | Tomb:2   | 57568 ||| INVOKING Cleansing Flame.
 57570 | Tomb:2   | HP: 46/197 [emperor scorpion[a royal mummy] (11)]
 57571 | Tomb:2   | 57571 ||| READING 26 scrolls of teleportation.
 57572 | Tomb:2   | 57572 ||| DRINKING potion of heal wounds.
 57572 | Tomb:2   | HP: 15/197 [royal mummy (19)]
 57573 | Tomb:2   | 57573 ||| INVOKING Cleansing Flame.
 57573 | Tomb:2   | Killed a royal mummy
 57573 | Tomb:2   | HP: 1/197 [something (25)]
 57573 | Tomb:2   | Mangled by an emperor scorpion

Levels and vault maps discovered:
D:1:      lordsloth_arrival_two_stooges, layout_loops_corners
D:2:      layout_loops_cross, minmay_hedge_maze,
          amcnicky_mini_rare_corridor_liquid
D:3:      layout_loops_ring, serial_glass, glass_columns_b, glass_columns_a,
          glass_columns_b, due_unseen_surprise, item_on_display_a,
          minmay_misc_feat_more_columns, minmay_cut_off
D:4:      kennysheep_goblin_castle, layout_gridville, slow_altar_2,
          ebering_ghost_inner_flame, minmay_manual_mess
D:5:      layout_loops_cross, uniq_grinder
D:6:      layout_basic, minitemple, gammafunk_ghost_gnarly_gnolls,
          nicolae_specific_store
D:7:      minmay_recursive_quarters, layout_loops_ring,
          minmay_temple_entry_slanted, uniq_menkaure
D:8:      layout_gridville, erik_lair_orcish_takeover,
          ebering_dispersal_statue_hall
D:9:      layout_basic
D:10:     layout_irregular_city, erik_orc_4, gammafunk_ghost_ooze, uniq_sonja,
          uniq_lodul
D:11:     layout_basic, st_stairs_1, glass_columns_c, hangedman_minor_magic,
          uniq_josephine
D:12:     layout_loops_cross
D:13:     layout_irregular_city, david_vaults_1, serial_glass, glass_columns_a,
          glass_columns_a
D:14:     layout_stronghold, serial_shops, nicolae_shop_crystal
D:15:     gammafunk_depths_entry_grave, layout_layer_cave, amethyst_killhole,
          serial_shops, shop, grunt_dithmenos_shadows
Temple:   hellmonk_temple_micro_hex
Lair:1:   statuecave_lemuel, layout_gridlike, lemuel_another_geyser
Lair:2:   layout_regular_city, nicolae_swamp_entry_splash_gauntlet,
          minivault_24, uniq_harold
Lair:3:   layout_roguey [special_room_bee], nicolae_snake_entry_squirm,
          serial_bayou_pond_a, infiniplex_staircase_pool_2, uniq_gastronok,
          uniq_prince_ribbit2, uniq_amaemon
Lair:4:   layout_cave_pods, dpeg_slime_entry_enclosed,
          dreamdust_mushroom_princess, st_stairs_6, eino_house_with_fridge,
          grunt_megastairs_4, uniq_kirke
Lair:5:   evilmike_catoblepas_cave, layout_small_grid, uniq_nessos
Swamp:1:  layout_falls_marsh, evilmike_swamp_ruin_house_5,
          nicolae_swamp_necromancy_gone_wrong
Swamp:2:  layout_basic_swamp, evilmike_swamp_ruin_house_3, swamp_pool5,
          nicolae_swamp_super_fun_site
Swamp:3:  layout_basic_swamp, nicolae_swamp_dense_foliage, swamp_pool4
Swamp:4:  nzn_swamp_witches_coven, layout_basic_swamp
Snake:1:  layout_onion_interference, nicolae_snake_gridmaze_zigzag, st_stairs_9,
          lemuel_fruit_tree, uniq_aizul
Snake:2:  layout_chambers, grunt_megastairs_1, minmay_shop_grove
Snake:3:  layout_grid_shapes, serial_bayou_shore_b, uniq_asterion, uniq_donald,
          uniq_vashnia
Snake:4:  snake_pit, layout_layer_cave, serial_shops, nicolae_shop_rolled_up,
          shop, serial_bayou_pond_d, nicolae_shop_unique_rings,
          nicolae_snake_snake_lake, drop_trap
Slime:1:  layout_caves
Slime:2:  layout_caves
Slime:3:  layout_caves, cheibrodos_slime_lost_civilization_7
Slime:4:  layout_caves
Slime:5
Orc:1:    layout_caves, nicolae_orc_flooded_monolith
Orc:2:    grunt_orc_cross, layout_caves, nicolae_shop_vocational
Vaults:1: nicolae_vaults_steering_wheel, nicolae_vaults_security_offices_6,
          nicolae_vaults_little_squares_6, nicolae_vaults_shelves_hall,
          v_misc_29, v_rooms_2, v_pattern_1, nicolae_vaults_little_squares_2,
          vaults_mumra_minichess_inversion, nicolae_vaults_tetromino_L_1,
          ontoclasm_vaults_decontamination, layout_vaults_big_cross,
          serial_shops, nicolae_shop_tiny_real_fake_doors
Vaults:2: minmay_crypt_entry_simple_walls, st_octagons_1,
          nicolae_vaults_trapezoid_2, ontoclasm_vaults_ring_square,
          nicolae_vaults_trapezoid_lopsided_2, nicolae_vaults_tetromino_Z_2,
          nicolae_vaults_apartment_2, nicolae_vaults_alarming,
          nicolae_vaults_double_plus_2, v_alt_pattern_5,
          ontoclasm_vaults_gateway, layout_vaults_ring, serial_shops, shop
Vaults:3: portal_desolation_entry_nicolae_slug, nicolae_vaults_six-pack,
          nicolae_vaults_trapezoid_2, ontoclasm_vaults_hangar,
          nicolae_vaults_border_crossing, v_misc_2, vaults_room_corners,
          nicolae_vaults_oval_intersection, vaults_room_grid,
          layout_vaults_big_room, serial_shops, bzr_entry_road, shop, uniq_mara
Vaults:4: nicolae_vaults_you_can_take_it_with_you, vaults_dpeg_spiral,
          ontoclasm_vaults_spin, vaults_standard_mumra_enter_the_diamond,
          v_pattern_3, nicolae_vaults_tangram_1, dpeg_vaults_monster_row,
          hangedman_vaults_capsules, nicolae_vaults_closet_pinwheel_2,
          vaults_mumra_chevron, nicolae_vaults_little_squares_5,
          layout_vaults_omnibox
Vaults:5
Crypt:1:  layout_chaotic_city, grunt_crypt_arrival_split
Crypt:2:  layout_regular_city, mu_enter_wizlab_5, glass_columns_a,
          roderic_lattice_octagonal_star
Crypt:3:  due_elkab, layout_chaotic_city, tomb_entry_simple_bobbens
Tomb:1
Tomb:2
Depths:1: layout_gridlike, enter_ziggurat_b, grunt_hell_horde, serial_rivers,
          chequers_serial_rivers_small_3, chequers_serial_rivers_small_a,
          chequers_serial_rivers_room_a, chequers_serial_rivers_micro_b,
          chequers_serial_rivers_small_b, chequers_serial_rivers_large_a,
          pan_entry, abyss_entry_glasseish, nicolae_blasting_shop,
          minmay_hollow_rounded_squares
Depths:2: minmay_spriggan_fort, layout_small_grid, gammafunk_ghost_arena,
          hell_entry, pan_entry, uniq_saint_roka
Depths:3: minmay_textured_paths, layout_gridville, minmay_misc_feat_iff,
          pf_dread_powers_of_hell, abyss_entry
Depths:4: grunt_zot_entry_funnels, layout_gridlike, hell_entry, abyss_entry,
          chequers_jeans, nicolae_vehumet_altar_sigil, minmay_shop_star
Zot:1:    layout_basic
Zot:2:    layout_gridville
Zot:3:    layout_cellular_growth, skrybe_zot_glass_1, uniq_josephina
Zot:4:    hangedman_zot_vaults_quadrants, layout_onion_interference,
          hangedman_snake_sidewinding

Skill      XL: |  1  2  3  4  5  6  7  8  9 10 11 12 13 14 15 16 17 18 19 20 21 22 23 24 25 26 27 |
---------------+----------------------------------------------------------------------------------+-----
Axes           | 2 3 4 5 6 8 10 11 12 14 16 17 18 | 18.0
Throwing       | 1 5 6 7 9 10 12 13 14 15 | 15.0
Dodging        | 1 2 3 5 7 8 9 10 11 12 | 12.0
Fighting       | 4 6 7 8 9 10 11 12 13 14 16 17 18 19 21 23 25 26 | 26.7
Armour         | 4 5 6 7 8 11 12 13 14 15 16 18 19 20 22 | 22.2
Shields        | 4 5 6 7 12 13 16 18 19 20 21 22 | 22.0
Invocations    | 2 4 8 10 12 19 | 19.5

Action                     |  1- 3 |  4- 6 |  7- 9 | 10-12 | 13-15 | 16-18 | 19-21 | 22-24 | 25-27 || total
---------------------------+-------+-------+-------+-------+-------+-------+-------+-------+-------++-------
  Melee: War axe           |   115 |    25 |       |       |       |       |       |       |       ||   140
         Broad axe         |       |    75 |   154 |   222 |   614 |   713 |   759 |   711 |  1214 ||  4462
         Flail             |       |       |       |     5 |       |       |       |       |       ||     5
         Demon whip        |       |       |       |       |    13 |       |       |       |       ||    13
         Hand axe          |       |       |       |       |    17 |    41 |       |       |       ||    58
  Throw: Javelin           |    14 |    26 |       |       |       |    42 |    57 |    99 |   109 ||   347
         Boomerang         |       |       |       |    40 |       |    97 |   131 |    13 |    18 ||   299
 Invoke: Heroism           |       |       |       |    17 |    18 |    35 |    10 |    33 |    14 ||   127
         Finesse           |       |       |       |     1 |     7 |     7 |     9 |    13 |     2 ||    39
         Cleansing Flame   |       |       |       |       |       |       |       |       |    24 ||    24
         Summon Divine War |       |       |       |       |       |       |       |       |     7 ||     7
         Brand Weapon With |       |       |       |       |       |       |       |       |     1 ||     1
    Use: Scroll            |     1 |     7 |     6 |     4 |     5 |     5 |       |     3 |     7 ||    38
         Potion            |     1 |     2 |     2 |     1 |     1 |     1 |       |     4 |    15 ||    27
   Stab: Distracted        |       |       |       |     4 |    12 |    13 |    24 |    22 |    15 ||    90
         Petrifying        |       |       |       |       |     1 |       |       |       |       ||     1
         Petrified         |       |       |       |       |     1 |       |       |       |       ||     1
 Armour: Scale mail        |    70 |    15 |       |       |       |       |       |       |       ||    85
         Plate armour      |       |    33 |   118 |    62 |       |       |       |       |       ||   213
         Crystal plate arm |       |       |       |    32 |   257 |   248 |   188 |   292 |   370 ||  1387
  Dodge: Dodged            |    45 |    31 |    52 |    53 |   108 |   172 |    83 |   159 |   228 ||   931
  Block: Buckler           |    21 |    34 |    56 |    59 |    44 |       |       |       |       ||   214
         Kite shield       |       |       |       |       |   137 |   170 |       |       |       ||   307
         Tower shield      |       |       |       |       |       |   266 |   434 |   536 |   959 ||  2195
         Reflection        |       |       |       |       |       |    45 |    71 |    33 |     6 ||   155

Table legend:
 A = Non-vault XP
 B = Vault XP
 C = Vault XP percentage of total XP
 D = Non-vault monster count
 E = Vault monster count
 F = Vault count percentage of total count
                 A         B        C        D         E       F
            +---------+---------+-------+---------+---------+-------
      Total |  809728 |  626737 |  43.6 |    1481 |     922 |  38.4
            +---------+---------+-------+---------+---------+-------
        D:1 |      36 |       0 |   0.0 |      23 |       0 |   0.0
        D:2 |     138 |       0 |   0.0 |      23 |       0 |   0.0
        D:3 |      22 |       4 |  15.4 |      15 |       2 |  11.8
        D:4 |     191 |     227 |  54.3 |      15 |      12 |  44.4
        D:5 |     954 |     244 |  20.4 |      20 |       1 |   4.8
        D:6 |     659 |       0 |   0.0 |      10 |       0 |   0.0
        D:7 |    1117 |    1061 |  48.7 |      16 |      10 |  38.5
        D:8 |    1846 |     624 |  25.3 |      13 |       8 |  38.1
        D:9 |    3114 |       0 |   0.0 |      32 |       0 |   0.0
       D:10 |    1339 |    2787 |  67.5 |       7 |      25 |  78.1
       D:11 |    3617 |    4361 |  54.7 |      25 |      24 |  49.0
       D:12 |    2998 |       0 |   0.0 |       9 |       0 |   0.0
       D:13 |   10038 |    1887 |  15.8 |      18 |       4 |  18.2
       D:14 |    6067 |       0 |   0.0 |      13 |       0 |   0.0
       D:15 |   11468 |    5310 |  31.6 |      23 |       9 |  28.1
     Lair:1 |   11734 |       0 |   0.0 |      34 |       0 |   0.0
     Lair:2 |    5560 |    2750 |  33.1 |      23 |       7 |  23.3
     Lair:3 |   10406 |    5790 |  35.7 |      26 |      33 |  55.9
     Lair:4 |   13686 |    7498 |  35.4 |      40 |      34 |  45.9
     Lair:5 |   10701 |   11345 |  51.5 |      34 |      24 |  41.4
    Swamp:1 |    4626 |     309 |   6.3 |      23 |       1 |   4.2
    Swamp:2 |   15375 |     547 |   3.4 |      29 |       2 |   6.5
    Swamp:3 |   20106 |       0 |   0.0 |      44 |       0 |   0.0
    Swamp:4 |   16324 |   21250 |  56.6 |      28 |      29 |  50.9
    Snake:1 |    5275 |    2565 |  32.7 |      12 |       4 |  25.0
    Snake:2 |   21570 |    3303 |  13.3 |      39 |       7 |  15.2
    Snake:3 |   23781 |    9106 |  27.7 |      48 |       7 |  12.7
    Snake:4 |   23346 |   21314 |  47.7 |      42 |      33 |  44.0
    Slime:1 |    4765 |       0 |   0.0 |       8 |       0 |   0.0
    Slime:2 |    6920 |       0 |   0.0 |       6 |       0 |   0.0
    Slime:3 |    7192 |       0 |   0.0 |      11 |       0 |   0.0
    Slime:4 |    1828 |       0 |   0.0 |       5 |       0 |   0.0
    Slime:5 |   19499 |   27622 |  58.6 |      27 |      19 |  41.3
      Orc:1 |    2072 |       0 |   0.0 |      32 |       0 |   0.0
      Orc:2 |    2677 |    7802 |  74.5 |      23 |      33 |  58.9
   Vaults:1 |   24830 |   28377 |  53.3 |      32 |      37 |  53.6
   Vaults:2 |   32285 |   19070 |  37.1 |      54 |      23 |  29.9
   Vaults:3 |    9863 |   17071 |  63.4 |      11 |      16 |  59.3
   Vaults:4 |   16646 |   23737 |  58.8 |      25 |      38 |  60.3
   Vaults:5 |   34986 |  121198 |  77.6 |      50 |     109 |  68.6
    Crypt:1 |   24791 |       0 |   0.0 |      39 |       0 |   0.0
    Crypt:2 |   28113 |     325 |   1.1 |      43 |       1 |   2.3
    Crypt:3 |   24453 |   36625 |  60.0 |      41 |      63 |  60.6
     Tomb:1 |    5147 |   38775 |  88.3 |      15 |      49 |  76.6
     Tomb:2 |    7594 |   15050 |  66.5 |      17 |      12 |  41.4
   Depths:1 |   50000 |   23106 |  31.6 |      62 |      21 |  25.3
   Depths:2 |   31266 |   14192 |  31.2 |      38 |      38 |  50.0
   Depths:3 |   50782 |   15857 |  23.8 |      59 |      11 |  15.7
   Depths:4 |   39727 |   20180 |  33.7 |      47 |      16 |  25.4
      Zot:1 |   39313 |       0 |   0.0 |      29 |       0 |   0.0
      Zot:2 |   48015 |       0 |   0.0 |      41 |       0 |   0.0
      Zot:3 |   35356 |       0 |   0.0 |      30 |       0 |   0.0
      Zot:4 |   25318 |   60236 |  70.4 |      20 |      51 |  71.8
     WizLab |   10196 |    4520 |  30.7 |      32 |       5 |  13.5
 Desolation |       0 |   50712 | 100.0 |       0 |     104 | 100.0
            +---------+---------+-------+---------+---------+-------
